 Dungeon Crawl Stone Soup version 0.20-a0-296-gf222164 (webtiles) character file.

22860646 Iwannabefree the Champion of Chaos (level 27, 186/186 HPs)
             Began as a High Elf Warper on Dec 12, 2016.
             Was the Champion of Makhleb.
             Escaped with the Orb
             ... and 15 runes on Dec 14, 2016!
             The game lasted 08:15:34 (66032 turns).

Iwannabefree the Champion of Chaos (HEWr)          Turns: 66032, Time: 08:15:35

Health: 186/186    AC: 25    Str: 27    XL:     27
Magic:  47/47      EV: 30    Int: 26    God:    Makhleb [******]
Gold:   924        SH:  3    Dex: 23    Spells: 9/76 levels left

rFire  + . .     SeeInvis +     r - +9 triple sword (slice)
rCold  + + +     Gourm    .     u - +3 pearl dragon scales
rNeg   + . .     Faith    .     (shield currently unavailable)
rPois  +         Spirit   .     b - +0 mask of the Dragon {MR+ Slay+3 SInv}
rElec  +         Reflect  +     Z - +2 cloak {MR+}
rCorr  +         Harm     .     H - +0 pair of gloves of Uveuhuag {rPois rC+++ Regen+ Str-5}
MR     ++++.                    L - +1 pair of boots of Greed {rElec Regen+ SInv Stlth-}
Stlth  ..........               h - amulet of the Original Sin {Reflect rPois rC- Str+9 SH+3}
                                W - ring "Tiqarac" {Wiz rElec Int+3 Dex+4 SInv}
                                N - ring "Durphuge" {rCorr rF+ rC+ Str+4 Int+3}

@: deflect missiles
A: blurry vision 1, deformed body, frail 1, low mp 1, slow regeneration 1,
subdued magic 1, MP-powered wands
0: Orb of Zot
}: 15/15 runes: decaying, slimy, silver, golden, iron, obsidian, icy, bone,
abyssal, demonic, glowing, magical, fiery, dark, gossamer
a: Minor Destruction, Lesser Servant of Makhleb, Major Destruction, Greater
Servant of Makhleb, Renounce Religion


You escaped.
You worshipped Makhleb.
Makhleb was exalted by your worship.
You were not hungry.

You visited 18 branches of the dungeon, and saw 90 of its levels.
You visited Pandemonium 3 times, and saw 32 of its levels.
You visited the Abyss 4 times.
You visited 2 ziggurats, and saw 17 of their levels (deepest: 9).
You also visited: Labyrinth, Trove, Ossuary and Ice Cave.

You collected 8489 gold pieces.
You spent 7565 gold pieces at shops.

Inventory:

Hand Weapons
 r - a +9 triple sword of slicing (weapon)
 S - a +5 eudemon blade of holy wrath
Missiles
 k - 2 throwing nets (quivered)
Armour
 b - the +0 mask of the Dragon (worn) {MR+ Slay+3 SInv}
   (You found it in a treasure trove)

   It affects your accuracy and damage with ranged weapons and melee attacks
   (+3).
   It affects your resistance to hostile enchantments.
   It lets you see invisible.
 u - +3 pearl dragon scales (worn)
 H - the +0 pair of gloves of Uveuhuag (worn) {rPois rC+++ Regen+ Str-5}
   (You bought it in a shop on level 10 of the Dungeon)

   It affects your strength (-5).
   It renders you almost immune to cold.
   It protects you from poison.
   It increases your rate of regeneration.
 L - the +1 pair of boots of Greed (worn) {rElec Regen+ SInv Stlth-}
   (You acquired it on level 2 of the Orcish Mines)

   It insulates you from electricity.
   It lets you see invisible.
   It increases your rate of regeneration.
   It makes you less stealthy.
 Z - a +2 cloak of magic resistance (worn)
Jewellery
 h - the amulet of the Original Sin (around neck) {Reflect rPois rC- Str+9 SH+3}
   (You took it off a vampire knight on level 2 of the Depths)

   [amulet of reflection]

   It shields you and reflects attacks.
   It affects your strength (+9).
   It makes you vulnerable to cold.
   It protects you from poison.
   It affects your SH (+3).
 v - the ring of Ped Ken {rElec rN++ Int-2 Slay+4 SInv}
   (You found it on level 7 of Gehenna)

   [ring of see invisible]

   It affects your intelligence (-2).
   It affects your accuracy and damage with ranged weapons and melee attacks
   (+4).
   It insulates you from electricity.
   It greatly protects you from negative energy.
   It lets you see invisible.
 N - the ring "Durphuge" (left hand) {rCorr rF+ rC+ Str+4 Int+3}
   (You bought it in a shop on level 6 of the Dungeon)

   [ring of resist corrosion]

   It affects your strength (+4).
   It affects your intelligence (+3).
   It protects you from fire.
   It protects you from cold.
 W - the ring "Tiqarac" (right hand) {Wiz rElec Int+3 Dex+4 SInv}
   (You took it off a deep elf annihilator on level 5 of the Vaults)

   [ring of wizardry]

   It improves your spell success rate.
   It affects your intelligence (+3).
   It affects your dexterity (+4).
   It insulates you from electricity.
   It lets you see invisible.
Wands
 f - a wand of hasting (4/9)
 j - a wand of heal wounds (2/9)
 t - a wand of hasting (0/9)
 x - a wand of digging (1/24)
 G - a wand of teleportation (3/9)
 I - a wand of disintegration (5/24)
Scrolls
 c - 3 scrolls of enchant weapon
 d - 2 scrolls of blinking
 g - 8 scrolls of teleportation
 i - 8 scrolls of immolation
 m - 4 scrolls of identify
 n - 17 scrolls of fog
 o - a scroll of magic mapping
 y - 10 scrolls of amnesia
 z - 4 scrolls of summoning
 A - 7 scrolls of fear
 D - 6 scrolls of holy word
 R - 24 scrolls of remove curse
 X - 2 scrolls of silence
Potions
 a - 8 potions of resistance
 l - 7 potions of flight
 p - 5 potions of agility
 q - 5 potions of heal wounds
 C - 6 potions of magic
 E - 16 potions of curing
 F - 3 potions of ambrosia
 J - 7 potions of invisibility
 K - 11 potions of haste
 P - 4 potions of brilliance
 T - 7 potions of might
 V - a potion of cancellation
Books
 e - a book of the Warp

   Spells                             Type                      Level
   a - Gell's Gravitas                Hexes/Translocation          3
   b - Portal Projectile              Translocation                3
   c - Force Lance                    Conjuration/Translocation    4
   d - Dispersal                      Translocation                6
   e - Controlled Blink               Translocation                8
   f - Disjunction                    Translocation                8
Miscellaneous
 s - a phial of floods
 U - 7 phantom mirrors
Comestibles
 w - 17 meat rations
 B - a bread ration
 M - 3 royal jellies
 O - 41 fruits


   Skills:
 + Level 22.2 Fighting
 + Level 26.1 Long Blades
 - Level 1.0 Throwing
 + Level 19.5 Armour
 + Level 22.6 Dodging
 - Level 25.2 Spellcasting
 - Level 11.0 Hexes
 - Level 4.0 Charms
 - Level 3.5 Summonings
 - Level 17.4 Translocations
   Level 1.2 Ice Magic
 - Level 23.0 Air Magic
 + Level 26.7 Invocations


You had 9 spell levels left.
You knew the following spells:

 Your Spells              Type           Power        Failure   Level  Hunger
a - Spectral Weapon       Hex/Chrm       ######..     1%          3    None
b - Swiftness             Chrm/Air       ######..     0%          2    None
c - Lesser Beckoning      Tloc           #######...   0%          3    None
d - Conjure Ball Lightni  Conj/Air       ######....   1%          6    None
e - Summon Butterflies    Summ           #####...     1%          1    None
f - Deflect Missiles      Chrm/Air       ######....   1%          6    None
g - Blink                 Tloc           N/A          0%          2    None
h - Controlled Blink      Tloc           N/A          4%          8    ####...
i - Invisibility          Hex            ######..     1%          6    None
j - Repel Missiles        Chrm/Air       ######       0%          2    None
k - Apportation           Tloc           #######...   0%          1    None
l - Darkness              Hex            ######....   1%          6    None
p - Passage of Golubria   Tloc           N/A          0%          4    None
r - Regeneration          Chrm/Necr      ####......   1%          3    None
s - Silence               Hex/Air        #######...   1%          5    None
t - Tornado               Air            #######...   7%          9    ######.


Dungeon Overview and Level Annotations

Branches:
Dungeon (15/15)            Temple (1/1) D:4            Lair (6/6) D:9
  Swamp (4/4) Lair:3       Spider (4/4) Lair:4        Slime (5/5) Lair:6
    Orc (2/2) D:12            Elf (3/3) Orc:2        Vaults (5/5) D:13
  Crypt (3/3) Vaults:3       Tomb (3/3) Crypt:3      Depths (5/5) D:15
   Hell (1/1)                 Dis (7/7) Hell            Geh (7/7) Hell
    Coc (7/7) Hell            Tar (7/7) Hell            Zot (5/5) Depths:5

Altars:
Cheibriados
Dithmenos
Elyvilon
Fedhas
Gozag
Hepliaklqana
Kikubaaqudgha
Makhleb
Nemelex Xobeh
Okawaru
Qazlal
Ru
Sif Muna
Trog
Uskayaw
Vehumet
Xom
Yredelemnul
Zin
Lugonu

Shops:
D:6 =   D:10 [   Orc:2 *([*:   Elf:1 %   Elf:2 =}}   Vaults:4 (
Vaults:5 !??%!??%   Depths:1 (

Portals:
Hell: Depths:1 Depths:2 Depths:3 Depths:4 Depths:5
Abyss: Depths:4
Pandemonium: Depths:3 Depths:4

Annotations:
D:7 Ijustatesigmund's ghost, novice HOMo
D:9 Gloorx Vloq
Tomb:3 Khufu
Dis:7 Dispater
Geh:7 Asmodeus
Coc:7 Antaeus
Tar:7 Ereshkigal


Innate Abilities, Weirdness & Mutations

Scrolls take you a little longer to read.
Armour fits poorly on your strangely shaped body.
You are frail. (-10% HP)
Your magical capacity is low. (-10% MP)
You regenerate slowly when monsters are visible.
Your spells are a little easier to cast, but a little less powerful.
You expend magic power (3 MP) to strengthen your wands.


Message History

There is a stone staircase leading up here.
You climb upwards.
There is a stone staircase leading down here.
There is a stone staircase leading up here.
You climb upwards.
There is a stone staircase leading down here.
There is a stone staircase leading up here.
You climb upwards.
There is a stone staircase leading down here.
Health restored: 186
(D) Dungeon (T) Temple (L) Lair (S) Swamp (N) Spider Nest (M) Slime Pits (O) Orcish Mines (E) Elven Halls (V) Vaults (C) Crypt (W) Tomb (U) Depths (H) Hell (I) Dis (G) Gehenna (X) Cocytus (Y) Tartarus (Z) Zot
Where to? (Enter - D:1, ? - help)
Okay, then.
There is an open door here.
There is a staircase leading out of the dungeon here.
You have escaped!

..# #..#####.#####..#
#..... ..#
#..#...#.#...#..# ######
..# #..#.>.'.#...#..# ..#
#..#...#.#...#..# ..#
#..#####.##'##..# ..#
#...............# ..#
#..##'##.#####..# ..#
#..#...#.#...#..# ..#
#..#...#.'.@.#..# ..#
#..#...#4#...#..# ###
#..#####.#####..#
#...............#
###...............#
#...).......#...###
####.......#..>....#
...........#.###.########
...........#............#


You could see an ice devil.

Vanquished Creatures
  the Royal Jelly (Slime:5)
  6 pandemonium lords
  A seraph (Pan)
  the Serpent of Hell (Tar:7)
  10 ancient liches
  4 orbs of fire
  37 greater mummies
  6 shard shrikes
  4 Killer Klowns
  A caustic shrike (Depths:4)
  Geryon (Hell)
  5 golden dragons
  A profane servitor (Zig:9)
  Jory (Tomb:1)
  11 bone dragons
  5 Brimstone Fiends
  2 doom hounds
  A pearl dragon (Pan)
  2 iron giants (Dis:7)
  9 Tzitzimimeh
  An electric golem (Zot:1)
  3 Hell Sentinels (Dis:7)
  13 Ice Fiends
  13 tentacled monstrosities
  23 Orb Guardians
  8 titans
  13 liches
  16 acid blobs
  8 quicksilver dragons
  A deep elf master archer (Zig:8)
  10 ancient champions
  13 tentacled starspawn
  6 sphinxes
  12 Executioners
  3 death cobs
  10 storm dragons
  8 tengu reavers
  11 shadow dragons
  12 daevas (Pan)
  A nagaraja (Zig:6)
  12 fire giants
  4 revenants
  9 azure jellies
  11 draconian monks
  10 vault wardens
  2 draconian shifters (Zot:1)
  7 frost giants
  14 balrugs
  4 black suns (Pan)
  13 iron dragons
  5 draconian scorchers
  17 cacodemons
  4 draconian knights
  5 ghost moths
  2 emperor scorpions
  43 reapers
  17 angels
  5 warmongers (Pan)
  9 ironheart preservers
  A curse skull (Pan)
  15 war gargoyles
  A deep elf elementalist (Zig:8)
  4 draconian stormcallers
  5 blood saints (Pan)
  An elemental wellspring (Coc:6)
  4 entropy weavers
  6 draconian annihilators
  15 stone giants
  5 ghouls
  33 very ugly things
  11 ophanim (Pan)
  14 vampire knights
  5 corrupters (Pan)
  6 black draconians
  2 deep elf demonologists
  6 green draconians
  2 bennus (Tomb:1)
  13 apis (Pan)
  4 red draconians
  11 white draconians
  5 lorocyprocas (Pan)
  A purple draconian (Zot:3)
  5 deep elf annihilators
  5 deep elf death magi
  11 spark wasps
  9 yellow draconians
  11 blizzard demons
  A quicksilver dragon zombie (Geh:4)
  12 green deaths
  8 ettins
  An eidolon (Vaults:3)
  7 fire dragons
  2 deep elf high priests (Elf:3)
  15 death oozes
  33 mummy priests
  29 vault guards
  4 quicksilver dragon skeletons
  11 great orbs of eyes
  3 kraken zombies
  7 hydras
  26 ice dragons
  13 yaktaur captains
  5 jiangshi
  3 hell beasts
  7 monstrous demonspawn (Pan)
  3 spriggan air magi
  7 centaur warriors
  Erica (D:10)
  5 rakshasas (Pan)
  A catoblepas (Zot:1)
  A merfolk avatar (Abyss:3)
  3 alligators
  10 dancing weapons
  3 death knights
  4 tengu warriors
  10 deep troll shamans
  A satyr (Zig:1)
  34 death scarabs
  9 deep troll earth magi
  5 shock serpents
  11 thrashing horrors
  13 hell hogs
  10 ogre magi
  10 vampire magi
  An orc high priest (Orc:2)
  5 spriggan berserkers
  4 titan zombies
  5 death yaks (Lair:5)
  17 soul eaters
  6 holy swine (Pan)
  2 storm dragon zombies
  3 iron golems
  33 sun demons
  12 deep elf knights
  Sonja (D:12)
  2 titan skeletons
  9 shadow wraiths
  A fire crab (shapeshifter) (Elf:2)
  5 wretched stars
  2 storm dragon skeletons
  33 hell knights
  24 sixfirhies
  67 skeletal warriors
  4 unseen horrors
  2 death drakes
  11 shadow demons
  26 deep trolls
  A golden dragon zombie (Zig:5)
  An unseen horror (shapeshifter) (Elf:1)
  6 anaconda zombies
  8 gelid demonspawn
  3 glowing orange brains (Depths:3)
  A spark wasp zombie (Hell)
  7 torturous demonspawn
  11 iron trolls
  15 cherubim (Pan)
  11 flayed ghosts
  2 glowing orange brains (shapeshifter)
  4 removed MONS_HILL_GIANTs
  2 shadow dragon zombies
  11 infernal demonspawn (Pan)
  Pikel (D:6)
  10 wizards
  5 deep elf archers
  2 golden dragon skeletons (Tar:2)
  A spriggan druid (Swamp:2)
  18 phantasmal warriors
  9 ironbrand convokers
  3 swamp dragons
  2 iron dragon zombies
  2 harpies
  15 necromancers
  3 wolf spider zombies
  A removed MONS_HILL_GIANT (shapeshifter) (Depths:3)
  31 deep elf magi
  A sphinx zombie (Depths:2)
  7 orc knights
  39 ugly things
  2 anaconda skeletons
  4 stone giant zombies
  18 wolf spiders
  4 orb spiders
  3 shadow dragon skeletons
  4 oklob plants (Zig:7)
  2 tengu skeletons
  6 frost giant zombies
  4 cyclopes
  3 iron dragon skeletons
  5 orc sorcerers
  A moth of wrath (shapeshifter) (Vaults:5)
  3 fire giant zombies
  9 shining eyes
  11 moths of wrath
  2 dire elephant zombies
  A frost giant skeleton (Geh:4)
  A manticore (D:15)
  22 rust devils
  A stone giant skeleton (Geh:5)
  A guardian serpent (Abyss:3)
  3 fire giant skeletons
  2 worldbinders (Abyss:3)
  6 vault sentinels
  A black mamba (shapeshifter) (Vaults:3)
  6 black mambas
  2 elephants (Lair:6)
  37 smoke demons
  A storm dragon simulacrum (Coc:7)
  2 naga magi
  3 apocalypse crabs
  5 centaur skeletons
  4 molten gargoyles (Geh:7)
  24 orange demons
  5 centaur zombies
  An emperor scorpion zombie (Tomb:3)
  2 spriggan skeletons
  3 titan simulacra (Coc:7)
  3 eyes of devastation (Depths:3)
  15 spiny frogs
  3 gargoyles
  Psyche (D:12)
  4 rime drakes
  2 dire elephant skeletons
  8 hellions
  A kobold demonologist (D:15)
  3 spriggan zombies
  A yaktaur (shapeshifter) (Vaults:3)
  A swamp worm zombie (Swamp:4)
  8 komodo dragons
  9 efreet
  38 yaktaurs
  10 demonic crawlers
  11 ancient zymes
  23 freezing wraiths
  23 ice devils
  A komodo dragon (shapeshifter) (Vaults:2)
  An anaconda simulacrum (Hell)
  51 guardian mummies
  25 tormentors
  A polar bear (shapeshifter) (Abyss:3)
  2 harpy zombies
  8 hellwings
  4 trolls
  A white draconian skeleton (Crypt:1)
  3 yaktaur zombies
  A pale draconian skeleton (Crypt:1)
  24 red devils
  A purple draconian skeleton (Abyss:3)
  12 hydra zombies
  4 tengu conjurers
  40 large abominations
  A catoblepas skeleton (Geh:5)
  A green draconian skeleton (Crypt:1)
  A polar bear (Lair:5)
  20 jumping spiders
  5 tyrant leeches
  12 hornets
  6 hydra skeletons
  A raiju (shapeshifter) (Vaults:4)
  22 blink frogs
  2 silent spectres
  2 hornets (shapeshifter)
  Grinder (D:4)
  A two-headed ogre (shapeshifter) (Vaults:5)
  2 bog bodies
  2 fire dragon zombies
  2 harpy skeletons
  8 raiju
  3 alligator zombies
  A dream sheep (shapeshifter) (Zig:2)
  23 two-headed ogres
  A minotaur skeleton (Geh:7)
  6 hippogriffs
  Prince Ribbit (D:6)
  82 slime creatures
  A centaur simulacrum (D:15)
  A fire giant simulacrum (Vaults:2)
  5 ettin zombies
  A black mamba zombie (Coc:2)
  4 ettin skeletons
  40 redbacks
  69 flying skulls
  Sigmund (D:3)
  4 ice dragon zombies
  3 alligator skeletons
  An ice dragon skeleton (Coc:7)
  20 shadows
  11 tarantellas
  5 air elementals
  40 starcursed masses
  10 ynoxinuls
  28 wraiths
  2 fire dragon skeletons
  7 water elementals
  A tarantella (shapeshifter) (Vaults:4)
  6 wyverns
  6 fire bats (Abyss:3)
  5 vampires
  48 yaks
  28 ushabtiu
  A removed MONS_HILL_GIANT zombie (Crypt:3)
  18 fire elementals
  3 hogs
  Grum (D:8)
  12 golden eyes
  3 steam dragons
  2 basilisks
  6 hungry ghosts
  26 neqoxecs
  A steam dragon (shapeshifter) (Abyss:3)
  10 vampire mosquitoes
  A human simulacrum (Vaults:2)
  4 wargs
  15 chaos spawn
  2 insubstantial wisps (Swamp:4)
  3 deep troll zombies
  8 swamp worms
  3 nagas (Zig:6)
  An acid dragon (Vaults:3)
  A tengu zombie (Zig:5)
  42 hell hounds
  A floating eye (shapeshifter) (Depths:1)
  4 spiny frog zombies
  13 water moccasins
  Duvessa (D:5)
  5 floating eyes
  A hydra simulacrum (Coc:7)
  4 swamp drakes
  8 porcupines
  38 orc warriors
  A spiny frog skeleton (Coc:4)
  9 ice beasts
  8 sky beasts
  A slave (D:6)
  An ettin simulacrum (Depths:2)
  An elf simulacrum (Depths:2)
  A manticore zombie (Geh:7)
  2 snapping turtle zombies
  2 black bears
  10 necrophages
  A swamp dragon zombie (Dis:7)
  A tengu (shapeshifter) (Depths:4)
  32 ogres
  9 phantoms
  24 wolves
  A boggart (shapeshifter) (Depths:1)
  6 eyes of draining
  3 snapping turtle skeletons
  A swamp dragon skeleton (Tar:7)
  7 boggarts
  6 small abominations
  13 centaurs
  A rime drake zombie (Crypt:3)
  12 crocodiles
  10 bullfrogs
  A big kobold (D:9)
  Blork the orc (D:4)
  An earth elemental (Zig:8)
  Dowan (D:5)
  A wyvern skeleton (D:11)
  4 scorpions
  31 wights
  An orc simulacrum (Vaults:1)
  6 howler monkeys
  9 crimson imps
  3 bullfrog zombies
  8 quasits
  3 bullfrog skeletons
  2 hounds
  18 orc priests
  21 jellies
  A basilisk zombie (Crypt:2)
  2 human zombies
  33 iron imps
  An iguana (D:11)
  8 worker ants
  A porcupine skeleton (Crypt:3)
  4 hell rats (Lair:3)
  A lightning spire (Zig:5)
  22 orc wizards
  A naga zombie (Crypt:3)
  2 big kobold zombies
  A naga skeleton (Crypt:1)
  2 hound zombies
  A hound skeleton (D:11)
  58 mummies
  5 gnolls
  10 adders
  An ogre simulacrum (Abyss:2)
  8 shadow imps
  11 white imps
  3 ufetubi (Abyss:3)
  9 oozes
  2 adder skeletons
  2 adder zombies
  2 worms
  4 dart slugs
  5 leopard geckos
  A leopard gecko (shapeshifter) (Depths:2)
  80 orcs
  A giant cockroach (D:2)
  7 goblins
  8 hobgoblins
  17 jackals
  10 kobolds
  8 quokkas
  2 ball pythons
  2 bats
  3 frilled lizards
  A goblin zombie (Ossuary)
  8 hobgoblin zombies (Ossuary)
  A jackal skeleton (D:4)
  4 jackal zombies (Ossuary)
  8 kobold zombies (Ossuary)
  9 orc zombies (Ossuary)
  12 rats
  A rat zombie (Ossuary)
  13 fire vortices
  A lurking horror (Abyss:3)
  8 plants (Zig:7)
  2 spectral weapons (Pan)
  10 starspawn tentacles
  5 tentacles (Hell)
3578 creatures vanquished.

Vanquished Creatures (collateral kills)
  Mara (Crypt:1)
  A juggernaut (Depths:5)
  Boris (Depths:4)
  4 golden dragons
  Nikola (Swamp:3)
  A bone dragon (Swamp:4)
  The ghost of bear the Warrior, an adept MiBe of Trog (Vaults:2)
  Jorgrun (Spider:2)
  A lich (Vaults:3)
  2 tentacled monstrosities
  The ghost of WereVolvo the Impaler, an adept FoFi of Okawaru (Vaults:1)
  2 deep elf blademasters (Elf:3)
  A deep elf master archer (Elf:3)
  3 quicksilver dragons
  A quicksilver dragon (shapeshifter) (Vaults:5)
  5 ancient champions
  2 sphinxes
  2 storm dragons
  4 tengu reavers
  A thorn hunter (Swamp:3)
  A shadow dragon (Vaults:5)
  The ghost of Lochraine the Impaler, an adept MfGl of Nemelex Xobeh (Spider:1)
  An azure jelly (shapeshifter) (Vaults:5)
  2 fire giants
  9 deep elf sorcerers
  A ghost moth (shapeshifter) (Depths:2)
  4 frost giants
  An orc warlord (Orc:2)
  3 vault wardens
  A curse skull (Crypt:2)
  7 emperor scorpions
  3 deep elf elementalists (Elf:3)
  5 very ugly things
  4 stone giants
  6 entropy weavers
  2 ironheart preservers
  11 vampire knights
  A black draconian (Depths:5)
  3 deep elf demonologists
  7 spark wasps
  A yellow draconian (Depths:5)
  Nessos (Lair:4)
  Azrael (Elf:1)
  6 deep elf annihilators
  A blizzard demon (Pan)
  6 ettins
  5 eidola
  9 jiangshi
  6 fire dragons
  5 deep elf death magi (Elf:3)
  8 yaktaur captains
  3 deep elf high priests (Elf:3)
  5 ice dragons
  A great orb of eyes (Vaults:3)
  2 vault guards (Vaults:5)
  3 rakshasas
  3 centaur warriors
  2 death knights
  8 hydras
  4 ogre magi
  3 alligators
  A catoblepas (Lair:6)
  3 ghost crabs (Swamp:4)
  A deep troll shaman (Depths:4)
  18 dancing weapons
  A tengu warrior (Depths:2)
  A deep troll earth mage (Depths:2)
  2 vampire magi
  2 small abominations (Elf:3)
  An orc high priest (Orc:2)
  7 hell knights
  A spriggan berserker (Depths:5)
  16 deep elf knights
  6 spriggans
  2 soul eaters (Crypt:3)
  A sun demon (Depths:4)
  2 iron trolls (Depths:4)
  12 skeletal warriors
  6 flayed ghosts
  8 deep trolls
  A spriggan druid (Swamp:3)
  A death drake (shapeshifter) (Vaults:5)
  2 removed
  MONS_HILL_GIANTs (Vaults:1)
  8 deep elf archers
  2 glowing orange brains
  An unseen horror (shapeshifter) (Vaults:5)
  9 orc knights
  A swamp dragon (Swamp:2)
  A spectral hydra (Swamp:4)
  5 necromancers
  A shadow dragon zombie (Vaults:4)
  2 shambling mangroves
  7 ironbrand convokers
  8 harpies
  3 wizards
  11 orb spiders
  12 phantasmal warriors
  21 ugly things
  6 wolf spiders
  A fire giant zombie (Vaults:2)
  52 deep elf magi
  2 human zombies
  A mana viper (shapeshifter) (Vaults:5)
  A sphinx skeleton (Vaults:1)
  A manticore (shapeshifter) (Depths:2)
  2 orc sorcerers
  A frost giant zombie (Depths:2)
  4 cyclopes
  10 vault sentinels
  3 elephants (Lair:6)
  4 black mambas
  A guardian serpent (Lair:6)
  10 spiny frogs
  A shock serpent skeleton (Crypt:2)
  A hellion (Depths:3)
  A rime drake (Lair:6)
  5 swamp worm zombies (Swamp:4)
  A komodo dragon (Lair:2)
  11 yaktaurs
  An alligator snapping turtle skeleton (Crypt:2)
  A catoblepas skeleton (Crypt:2)
  A green draconian skeleton (Crypt:2)
  2 guardian mummies (Crypt:3)
  9 demonic crawlers
  2 freezing wraiths
  A pale draconian skeleton (Crypt:2)
  2 red devils (Depths:4)
  A grey draconian skeleton (Crypt:1)
  4 hydra zombies
  14 jumping spiders
  A wind drake (shapeshifter) (Vaults:1)
  14 hornets
  5 tyrant leeches
  A troll (shapeshifter) (Elf:1)
  2 trolls
  13 slime creatures
  2 hippogriffs
  4 two-headed ogres
  3 bog bodies (Swamp:4)
  A raiju (shapeshifter) (Vaults:1)
  3 alligator zombies
  9 blink frogs
  4 spectral swamp dragons (Swamp:4)
  5 dream sheep (Lair:6)
  31 redbacks
  A spriggan skeleton (Depths:2)
  A water elemental (Elf:1)
  4 air elementals
  9 tarantellas
  A black mamba zombie (Crypt:3)
  6 wraiths
  6 wyverns (Lair:6)
  17 yaks
  2 basilisks (Lair:6)
  4 fire elementals
  A golden eye (Depths:3)
  A wind drake skeleton (Crypt:3)
  A human simulacrum (Vaults:4)
  A black mamba skeleton (Crypt:3)
  5 wargs
  4 vampire mosquitoes
  7 insubstantial wisps (Swamp:4)
  9 swamp worms
  8 water moccasins
  An acid dragon (D:15)
  2 hell hounds (Elf:1)
  A floating eye (Depths:2)
  4 swamp drakes
  A porcupine (Lair:5)
  3 phantoms (Swamp:4)
  4 swamp dragon zombies (Swamp:4)
  5 ogres
  25 orc warriors
  An ice beast (D:10)
  A necrophage (D:13)
  A tengu (shapeshifter) (Vaults:5)
  5 wolves
  A snapping turtle skeleton (Crypt:1)
  A centaur (shapeshifter) (Depths:1)
  3 crocodiles
  An elf zombie (Ossuary)
  A bullfrog (Lair:4)
  2 electric eels
  2 crimson imps (Depths:4)
  A centaur zombie (Crypt:2)
  3 jellies
  10 orc wizards
  9 orc priests
  3 iguanas
  2 spectral swamp drakes (Swamp:4)
  A big kobold zombie (Crypt:1)
  A steam dragon zombie (Crypt:3)
  9 white imps (Lair:6)
  20 orcs
  A jackal zombie (Ossuary)
  2 rat zombies
  A briar patch (Swamp:3)
  7 fungi
  26 plants (Lair:6)
883 creatures vanquished.

Vanquished Creatures (others)
  A pandemonium lord (Depths:3)
  5 bone dragons
  3 profane servitors
  2 liches
  2 eldritch tentacles (Pan)
  An ancient champion (Tomb:2)
  A deep elf sorcerer (Vaults:5)
  A spectral tengu (Crypt:1)
  7 ghouls
  5 vampire knights
  3 elemental wellsprings (Coc:7)
  A spectral draconian (Depths:5)
  A green death (Pan)
  3 spectral humans
  A spectral minotaur (Vaults:5)
  A rakshasa (Pan)
  A hell beast (Pan)
  A spectral guardian serpent (Swamp:4)
  19 death scarabs
  A titan zombie (Vaults:5)
  An ogre mage (Vaults:3)
  A deep troll earth mage (Vaults:4)
  A sun demon (Pan)
  A deep elf knight (Vaults:3)
  A storm dragon zombie (Vaults:5)
  6 spectral elves
  A golden dragon zombie (Vaults:5)
  6 spark wasp zombies
  12 skeletal warriors
  A wizard (Pan)
  9 flayed ghosts
  2 entropy weaver zombies
  A swamp dragon (Lair:6)
  A spectral spriggan (Depths:2)
  A necromancer (Depths:5)
  A sphinx zombie (Crypt:3)
  11 phantasmal warriors
  A fire giant zombie (Vaults:5)
  2 wolf spider zombies
  A stone giant zombie (Vaults:5)
  A draconian zombie (Depths:5)
  2 spectral rakshasas
  52 ball lightnings
  A spectral orc (Orc:2)
  A hellion (Zig:3)
  6 redback zombies
  2 hellwings
  2 ghoul skeletons
  A demonic crawler zombie (Spider:3)
  A freezing wraith (Vaults:5)
  A jumping spider zombie (Spider:4)
  3 ettin zombies
  15 flying skulls
  7 deep troll zombies
  An alligator zombie (Swamp:1)
  5 ugly thing zombies
  A slime creature (Swamp:4)
  3 ice dragon zombies
  A shadow (Geh:4)
  12 vampires
  2 spriggans (Swamp:2)
  A water elemental (Zig:8)
  2 wraiths
  A black mamba zombie (Lair:6)
  A golden eye (Slime:4)
  2 chaos spawn
  An insubstantial wisp (Swamp:4)
  An orb spider zombie (Spider:4)
  2 human skeletons (Depths:5)
  A swamp drake (Swamp:3)
  An elf skeleton (Elf:1)
  2 slaves (D:6)
  2 hornet zombies
  An elephant zombie (Lair:6)
  A necrophage (Geh:1)
  A blink frog zombie (Lair:6)
  A boggart (Vaults:3)
  A ghost crab zombie (Swamp:4)
  A swamp dragon zombie (Swamp:3)
  An elf zombie (Elf:1)
  2 rime drake zombies (Lair:6)
  7 human zombies
  5 yaktaur zombies
  A water moccasin zombie (Lair:6)
  A wyvern zombie (Lair:6)
  A scorpion (D:11)
  5 yak zombies (Lair:6)
  A cyclops skeleton (Vaults:1)
  A spriggan zombie (Geh:1)
  3 tengu zombies
  2 wights
  An iron imp (Dis:7)
  A bog body skeleton (Swamp:3)
  An ogre zombie (Depths:3)
  7 mummies
  2 gnolls (D:6)
  2 swamp drake zombies
  3 orc skeletons (Orc:2)
  3 orcs (D:6)
  A giant cockroach (D:6)
  3 jackals (D:6)
  3 orc zombies
  32 fungi
  22 plants
  21 spectral weapons
  23 starspawn tentacles
  11 tentacles
430 creatures vanquished.

Grand Total: 4891 creatures vanquished

Notes
Turn   | Place    | Note
-------+----------+-------------------------------------------
     0 | D:1      | Iwannabefree the High Elf Warper began the quest for the Orb.
     0 | D:1      | Reached XP level 1. HP: 14/14 MP: 4/4
   120 | D:1      | Reached XP level 2. HP: 17/19 MP: 6/6
   282 | D:2      | Found a sparkling altar of Nemelex Xobeh.
   287 | D:2      | Found a hide-covered altar of Uskayaw.
   291 | D:2      | Found a glowing silver altar of Zin.
   331 | D:2      | Found a faded altar of an unknown god.
   385 | D:2      | Reached XP level 3. HP: 20/24 MP: 7/7
   673 | D:2      | Reached XP level 4. HP: 29/29 MP: 8/8
  1303 | D:3      | Reached skill level 5 in Long Blades
  1303 | D:3      | Reached XP level 5. HP: 14/34 MP: 9/9
  1463 | D:3      | Noticed Sigmund
  1488 | D:3      | Killed Sigmund
  1488 | D:3      | Reached skill level 5 in Dodging
  1488 | D:3      | Reached XP level 6. HP: 14/39 MP: 10/10
  1558 | D:4      | Found a staircase to the Ecumenical Temple.
  1598 | Temple   | Entered the Ecumenical Temple
  1602 | Temple   | Learned a level 2 spell: Blink
  1605 | Temple   | Learned a level 2 spell: Shroud of Golubria
  1609 | Temple   | Learned a level 3 spell: Lesser Beckoning
  1641 | Temple   | Became a worshipper of Yredelemnul the Dark
  1687 | D:4      | Noticed Grinder
  2113 | D:4      | Noticed Blork the orc
  2128 | D:4      | Killed Blork the orc
  2128 | D:4      | Reached XP level 7. HP: 31/45 MP: 11/11
  2270 | D:5      | Entered Level 5 of the Dungeon
  2270 | D:5      | Noticed Duvessa
  2270 | D:5      | Noticed Dowan
  2438 | D:5      | Reached skill level 1 in Armour
  2519 | D:5      | Reached * piety under Yredelemnul
  2599 | D:5      | Killed Duvessa
  2614 | D:5      | Killed Dowan
  2713 | D:5      | Found a radiant altar of Vehumet.
  2765 | D:5      | Found a sand-covered staircase.
  2811 | Ossuary  | Entered an ossuary
  2978 | Ossuary  | Reached ** piety under Yredelemnul
  3024 | Ossuary  | Reached XP level 8. HP: 52/52 MP: 12/12
  3498 | D:7      | Noticed Ijustatesigmund's ghost (novice HOMo)
  3518 | D:6      | Noticed Pikel
  3549 | D:6      | Killed Pikel
  3607 | D:6      | Found Asahofaafo's Jewellery Emporium.
  3650 | D:6      | Noticed Prince Ribbit
  3665 | D:6      | Killed Prince Ribbit
  3665 | D:6      | Reached XP level 9. HP: 27/60 MP: 13/13
  3697 | D:6      | Found an opulent altar of Gozag.
  3753 | D:6      | Reached skill level 5 in Fighting
  3861 | D:6      | Found a stormy altar of Qazlal.
  3889 | D:6      | Learned a level 1 spell: Apportation
  4072 | D:6      | Bought an uncursed amulet of regeneration for 300 gold pieces
  4340 | D:8      | Noticed Grum
  4582 | D:8      | Reached *** piety under Yredelemnul
  4582 | D:8      | Reached skill level 5 in Armour
  4591 | D:8      | Killed Grum
  4621 | D:8      | Learned a level 2 spell: Repel Missiles
  4842 | D:8      | Reached skill level 10 in Long Blades
  4933 | D:8      | Reached XP level 10. HP: 62/69 MP: 14/14
  5080 | D:8      | Found a stormy altar of Qazlal.
  5130 | D:9      | Learned a level 2 spell: Swiftness
  5179 | D:9      | Reached **** piety under Yredelemnul
  5396 | D:9      | Received a gift from Yredelemnul (a mummy)
  5423 | D:10     | Entered Level 10 of the Dungeon
  5503 | D:9      | Reached skill level 10 in Dodging
  5547 | D:9      | Found a staircase to the Lair.
  5611 | D:9      | Found a blossoming altar of Fedhas.
  5690 | D:10     | Received a gift from Yredelemnul (a wight)
  6128 | D:8      | Identified a +0 rod of clouds (11/11) (You found it on level 8 of the Dungeon)
  6281 | D:11     | Noticed an eight-headed hydra
  6468 | D:10     | Paralysed by a hornet for 2 turns
  6487 | D:10     | Noticed Erica
  6504 | D:10     | Killed Erica
  6615 | D:10     | Found Ocemm's Armour Boutique.
  6631 | D:10     | Reached XP level 11. HP: 76/78 MP: 15/15
  6869 | D:11     | Noticed a hill giant
  6934 | D:11     | Killed a hill giant
  6968 | D:11     | Noticed an unseen horror
  6989 | D:11     | Killed an unseen horror
  7000 | D:11     | Noticed a six-headed hydra
  7009 | D:11     | Killed a one-headed hydra
  7318 | D:11     | Noticed a hill giant
  7322 | D:11     | Killed a hill giant
  7322 | D:11     | Reached skill level 5 in Invocations
  7349 | D:11     | Noticed a purple ugly thing
  7515 | D:11     | Killed a purple ugly thing
  7602 | D:11     | Received a gift from Yredelemnul (a mummy)
  7697 | D:11     | Noticed an unseen horror
  7704 | D:11     | Killed an unseen horror
  7917 | Lair:1   | Entered Level 1 of the Lair of Beasts
  8037 | Lair:1   | Received a gift from Yredelemnul (a mummy)
  8106 | Lair:1   | Found a labyrinth entrance.
  8129 | Lab      | Entered a labyrinth
  8477 | Lab      | Noticed a minotaur
  8634 | Lair:1   | Reached XP level 12. HP: 75/84 MP: 14/19
  8710 | Lair:1   | Received a gift from Yredelemnul (a wraith)
  8876 | Lair:2   | Reached ***** piety under Yredelemnul
  9197 | Lair:2   | Gained mutation: You are weak. (Str -2) [potion of mutation]
  9197 | Lair:2   | Gained mutation: Your mind is acute. (Int +2) [potion of mutation]
  9198 | Lair:2   | Gained mutation: You are agile. (Dex +2) [potion of mutation]
  9198 | Lair:2   | Gained mutation: You are somewhat resistant to further mutation. [potion of mutation]
  9199 | Lair:2   | Lost mutation: You are weak. (Str -2) [potion of mutation]
  9304 | Lair:2   | Received a gift from Yredelemnul (5 flying skulls)
  9344 | Lair:2   | Reached skill level 5 in Translocations
  9390 | Lair:2   | Received a gift from Yredelemnul (2 flying skulls)
  9594 | Lair:3   | Received a gift from Yredelemnul (a vampire)
  9631 | Lair:4   | Noticed a seven-headed hydra
  9688 | Lair:3   | You fall through a shaft for 3 floors!
  9688 | Lair:6   | Entered Level 6 of the Lair of Beasts
  9688 | Lair:6   | Found a staircase to the Slime Pits.
  9723 | Lair:6   | Noticed a five-headed hydra
  9725 | Lair:6   | Noticed a six-headed hydra
  9738 | Lair:6   | Killed a three-headed hydra
  9738 | Lair:6   | Reached skill level 5 in Spellcasting
  9742 | Lair:6   | Killed a two-headed hydra
  9826 | Lair:6   | Received a gift from Yredelemnul (2 flying skulls)
  9881 | Lair:6   | Noticed a catoblepas
  9891 | Lair:6   | Killed a catoblepas
  9912 | Lair:6   | Reached XP level 13. HP: 61/92 MP: 19/22
  9922 | Lair:6   | jacquesderrida: NABIR
  9923 | Lair:6   | Iwannabefree: yoo
  9930 | Lair:6   | Received a gift from Yredelemnul (a wraith)
  9930 | Lair:6   | jacquesderrida: CHE KAK SESSIA
  9946 | Lair:6   | Iwannabefree: RANO ISHE
  9950 | Lair:6   | Reached skill level 10 in Fighting
  9954 | Lair:6   | jacquesderrida: KAK TAK
  9965 | Lair:6   | jacquesderrida: PACANY UZHE ZACHETY SDAYUT
  9971 | Lair:6   | Received a gift from Yredelemnul (a phantasmal warrior)
 10060 | Lair:6   | Received a gift from Yredelemnul (a skeletal warrior)
 10085 | Lair:6   | jacquesderrida: TFW NEBIR ZABYL PRO SESIYU
 10094 | Lair:6   | jacquesderrida: o.o
 10100 | Lair:6   | jacquesderrida: ree
 10109 | Lair:6   | jacquesderrida: Scha ebnet
 10134 | Lair:6   | Iwannabefree: evrthing is under control
 10146 | Lair:6   | Found a frozen archway.
 10160 | Lair:6   | Received a gift from Yredelemnul (a vampire)
 10169 | IceCv    | Entered an ice cave
 10170 | IceCv    | Iwannabefree: SUUKAAA
 10170 | IceCv    | jacquesderrida: ol you're nebir are belong tu as
 10170 | IceCv    | Iwannabefree: a ne
 10170 | IceCv    | jacquesderrida: >>>>>>>>>>>>ice keiv
 10172 | IceCv    | jacquesderrida: >>>>>>>>>>>>>>>no luta
 10172 | IceCv    | jacquesderrida: ree
 10244 | IceCv    | Iwannabefree: какой же юра топовый
 10383 | Lair:6   | jacquesderrida: droog nebira
 10427 | Lair:6   | Iwannabefree: smotri
 10428 | Lair:6   | Received a gift from Yredelemnul (a vampire)
 10781 | Lair:6   | Noticed a fire dragon
 10792 | Lair:6   | Iwannabefree: SUKA
 10792 | Lair:6   | Iwannabefree: DRAKONA UBIL
 10792 | Lair:6   | Iwannabefree: UEBA
 10795 | Lair:6   | Killed a fire dragon
 11192 | Lair:5   | Reached skill level 15 in Long Blades
 11288 | Lair:5   | Reached XP level 14. HP: 99/102 MP: 24/24
 11499 | Lair:4   | Noticed Nessos
 11504 | Lair:4   | Iwannabefree: NESSOS
 11518 | Lair:4   | Killed Nessos
 11672 | Lair:4   | Found a hole to the Spider Nest.
 11948 | Lair:3   | Found a staircase to the Swamp.
 12674 | D:6      | Bought the ring "Durphuge" {rCorr rF+ rC+ Str+4 Int+3} for 557 gold pieces
 12829 | D:10     | Bought the cursed +0 pair of gloves of Uveuhuag {rPois rC+++ Regen+ Str-5} for 372 gold pieces
 12913 | D:12     | Received a gift from Yredelemnul (a skeletal warrior)
 12950 | D:12     | Noticed Sonja
 12969 | D:12     | Killed Sonja
 13111 | D:12     | Learned a level 3 spell: Mephitic Cloud
 13506 | D:13     | jacquesderrida: IT ME
 13507 | D:13     | Iwannabefree: privetik
 13507 | D:13     | jacquesderrida: DEMAN BLEID
 13661 | D:13     | Iwannabefree: mmm
 13661 | D:13     | Iwannabefree: miss
 13805 | D:14     | Noticed Kirke
 13806 | D:14     | Iwannabefree: время романсить кирке
 13822 | D:14     | Iwannabefree: blya
 13893 | D:14     | Received a gift from Yredelemnul (a flayed ghost)
 13901 | D:15     | Entered Level 15 of the Dungeon
 13948 | D:15     | Reached skill level 1 in Charms
 13948 | D:15     | Reached skill level 1 in Air Magic
 14128 | D:15     | Found a sparkling altar of Nemelex Xobeh.
 14209 | D:15     | Found a portal to a secret trove of treasure.
 14579 | D:14     | Reached skill level 10 in Invocations
 14650 | D:14     | Killed Kirke
 14650 | D:14     | Enslaved Kirke
 14651 | D:14     | Iwannabefree: eee
 15236 | D:13     | Found a gate to the Vaults.
 15278 | D:13     | Iwannabefree: suki
 15278 | D:13     | Iwannabefree: s toporami
 15279 | D:13     | Your ally Kirke died
 15439 | D:12     | Found a staircase to the Orcish Mines.
 15526 | D:12     | Noticed Psyche
 15528 | D:12     | Noticed Josephine
 15532 | D:12     | Killed Psyche
 15593 | D:12     | Killed Josephine
 15593 | D:12     | Enslaved Josephine
 15610 | D:12     | Reached XP level 15. HP: 75/110 MP: 21/26
 15706 | Orc:1    | Entered Level 1 of the Orcish Mines
 15758 | Orc:1    | Your ally Josephine died
 16046 | Orc:1    | Received a gift from Yredelemnul (a phantasmal warrior)
 16266 | Orc:2    | Entered Level 2 of the Orcish Mines
 16266 | Orc:2    | Found a staircase to the Elven Halls.
 16382 | Orc:2    | Found Wyn Wodwis's General Store.
 16444 | Orc:2    | Bought a potion of heal wounds for 70 gold pieces
 16444 | Orc:2    | Bought a potion of curing for 42 gold pieces
 16444 | Orc:2    | Bought a scroll of teleportation for 42 gold pieces
 16444 | Orc:2    | Bought a potion of might for 56 gold pieces
 16554 | Orc:2    | Received a gift from Yredelemnul (a phantasmal warrior)
 16639 | Orc:2    | Noticed an orc warlord
 16736 | Orc:2    | Received a gift from Yredelemnul (a flayed ghost)
 17000 | Orc:2    | Iwannabefree: CAN U CAST ABJUR
 17102 | Orc:2    | Received a gift from Yredelemnul (a vampire)
 17199 | Orc:2    | Killed an orc warlord
 17373 | Orc:2    | Found Suhomukk's General Store.
 17374 | Orc:2    | Found Ykufaal's Book Shoppe.
 17376 | Orc:2    | Found Ibextaec's Antique Armour Emporium.
 17376 | Orc:2    | Found Puoc's Antique Weapon Emporium.
 17401 | Orc:2    | Bought an embroidered cloak for 283 gold pieces
 17676 | Spider:1 | Entered Level 1 of the Spider Nest
 17717 | Lair:4   | Learned a level 4 spell: Summon Lightning Spire
 17822 | Lair:4   | Reached skill level 1 in Summonings
 17981 | Spider:1 | Noticed Lochraine's ghost (adept MfGl)
 17982 | Spider:1 | Iwannabefree: !log lochraine * spider
 17982 | Spider:1 | beem: 1. Lochraine, XL16 MfGl, T:35218: http://crawl.xtahua.com/crawl/morgue/Lochraine/morgue-Lochraine-20161212-183648.txt
 18008 | Spider:1 | Killed Lochraine's ghost
 18164 | Spider:1 | Received a gift from Yredelemnul (a flayed ghost)
 18339 | Spider:1 | Received a gift from Yredelemnul (a skeletal warrior)
 18485 | Spider:2 | Iwannabefree: ??de reasons
 18485 | Spider:2 | beem: I don't have a page labeled de_reasons in my learndb. Did you mean: dd_reasons, dex_reasons, ds_reasons, due_reasons.
 18485 | Spider:2 | Iwannabefree: ??deep elf reasons
 18485 | Spider:2 | beem: deep elf reasons[1/1]: You want great spellcasting aptitudes, even if your hp will take a hit.
 18485 | Spider:2 | Noticed Frances
 18499 | Spider:2 | Killed Frances
 18499 | Spider:2 | Enslaved Frances
 18525 | Spider:2 | Reached skill level 5 in Air Magic
 18548 | Spider:2 | Noticed a ghost moth
 18555 | Spider:2 | Your ally Frances died
 18597 | Spider:1 | Killed a ghost moth
 18695 | Spider:3 | Received a gift from Yredelemnul (a vampire)
 19125 | Spider:4 | Entered Level 4 of the Spider Nest
 19280 | Spider:3 | Received a gift from Yredelemnul (a skeletal warrior)
 19495 | Spider:4 | Reached XP level 16. HP: 90/117 MP: 29/29
 19503 | Spider:4 | Noticed Donald
 19511 | Spider:4 | Killed Donald
 19511 | Spider:4 | Enslaved Donald
 19646 | Spider:4 | Received a gift from Yredelemnul (a skeletal warrior)
 19853 | Spider:4 | Got a gossamer rune of Zot
 20056 | Spider:4 | Received a gift from Yredelemnul (a vampire)
 20068 | Spider:4 | Iwannabefree: @??donald
 20068 | Spider:4 | beem: Donald (@)
                  | Spd:
    10 | HD: 14   | HP: 68-99
                  | AC/EV: 13/6
                  | Dam: 26
                  | weapons, items, doors, fighter, amphibious, spellcaster
                  | Res: magic(100), drown
                  | XP: 1972
                  | Sp: might, haste
                  | Sz: Medium
                  | Int: human.
 20124 | Spider:4 | Iwannabefree: @??entropic weave
 20124 | Spider:4 | beem: unknown monster: "entropic weave"
 20124 | Spider:4 | Iwannabefree: ??entropic weave
 20124 | Spider:4 | beem: entropic weave[1/1]: Smite-targetted corrosion
 20172 | Spider:4 | Reached skill level 15 in Fighting
 20403 | Spider:2 | Noticed Jorgrun
 20412 | Spider:2 | Iwannabefree: @??jorgrun
 20412 | Spider:2 | beem: Jorgrun (g)
                  | Spd:
    10 | HD: 15   | HP: 103-136
                  | AC/EV: 4/15
                  | Dam: 20
                  | weapons, items, doors, spellcaster
                  | Res: magic(120)
                  | XP: 3221
                  | Sp: rapid deconstruction, shatter, petrify, dig
                  | Sz: Medium
                  | Int: human.
 20412 | Spider:2 | Iwannabefree: ??jorgrun
 20412 | Spider:2 | beem: jorgrun[1/8]: A dwarven earth mage, with Shatter, LRD, petrify, and dig.
 20419 | Spider:2 | Killed Jorgrun
 20714 | Swamp:1  | Entered Level 1 of the Swamp
 20914 | Swamp:2  | Learned a level 3 spell: Ozocubu's Armour
 21031 | Swamp:1  | Reached skill level 1 in Ice Magic
 21380 | Swamp:2  | Reached ****** piety under Yredelemnul
 21382 | Swamp:2  | Received a gift from Yredelemnul (a bone dragon)
 21613 | Swamp:3  | Noticed Nikola
 21641 | Swamp:3  | Killed Nikola
 21649 | Swamp:3  | Noticed a thorn hunter
 21723 | Swamp:3  | Received a gift from Yredelemnul (a skeletal warrior)
 21723 | Swamp:3  | Killed a thorn hunter
 21744 | Swamp:3  | Noticed Aizul
 21756 | Swamp:3  | Killed Aizul
 21756 | Swamp:3  | Enslaved Aizul
 22055 | Swamp:4  | Entered Level 4 of the Swamp
 22116 | Swamp:4  | Iwannabefree: @??bone dragon
 22116 | Swamp:4  | beem: bone dragon (D)
                  | Spd:
    10 | HD: 20   | HP: 146-208
                  | AC/EV: 20/4
                  | Dam: 30, 20(claw), 20(trample)
                  | undead, evil, see invisible, fly, unbreathing
                  | Res: magic(100), fire, cold, elec, poison+++, drown, rot+++, neg+++, torm
                  | Vul: holy
                  | XP:
  3688 | Sz: Giant | Int: animal.
 22116 | Swamp:4  | Iwannabefree: @??profane servitor
 22116 | Swamp:4  | beem: profane servitor (A)
                  | Spd:
    15 | HD: 18   | HP: 125-177
                  | AC/EV: 10/20
                  | Dam: 25(vampiric), 10(drain)
                  | undead, items, doors, fighter, evil, see invisible, fly, unbreathing
                  | Res: magic(140), cold, elec, poison+++, drown, rot+++, neg+++, holy+++, torm
                  | XP:
  3869 | Sz: Medium | Int: human.
 22388 | Swamp:4  | Received a gift from Yredelemnul (a skeletal warrior)
 22496 | Swamp:4  | Reached XP level 17. HP: 127/127 MP: 30/30
 22540 | Swamp:4  | Received a gift from Yredelemnul (a vampire knight)
 22541 | Swamp:4  | Your ally Aizul died
 22612 | Swamp:4  | Received a gift from Yredelemnul (a vampire knight)
 22629 | Swamp:4  | Noticed a bone dragon
 22632 | Swamp:4  | Received a gift from Yredelemnul (a phantasmal warrior)
 22642 | Swamp:4  | Killed a bone dragon
 22642 | Swamp:4  | Reached skill level 10 in Armour
 22693 | Swamp:4  | Got a decaying rune of Zot
 23249 | Elf:1    | Entered Level 1 of the Elven Halls
 23564 | Elf:1    | Received a gift from Yredelemnul (a phantasmal warrior)
 23776 | Elf:1    | Found Xoxis's Food Boutique.
 23880 | Elf:2    | Found Keiss's Gadget Emporium.
 23881 | Elf:2    | Found Herupo's Jewellery Shop.
 23882 | Elf:2    | Found Ybrityot's Gadget Emporium.
 23994 | Elf:1    | Iwannabefree: ??torment
 23994 | Elf:1    | beem: torment[1/3]: Effectively halves the current hit points of all living creatures in sight of the caster. Most undead have {torment immunity} (player vampires might not have it). Demonspawns might get {torment resistance} as a mutation when levelling up.
 23994 | Elf:1    | Iwannabefree: ??torment [2
 23994 | Elf:1    | beem: torment[2/3]: A overrated threat for extended. Do not fear: aside from {torment resistance} and {torment immunity}, one can use tactics outlined in https://crawl.develz.org/tavern/viewtopic.php?f=8&t=3443&#p43566 to deal with it.
 23994 | Elf:1    | Iwannabefree: ??torment [3
 23994 | Elf:1    | beem: torment[3/3]: Negative energy resistance reduces the damage percentage by 5% per level, so at rNeg+++ torment only takes 35% of your health.
 24027 | Elf:1    | Iwannabefree: ??yred reasons
 24027 | Elf:1    | beem: yredelemnul reasons[1/4]: Zauren's #1 reason: Level 10 bone dragon gifts. Get enough bone dragons, and you can clear all 4 dungeon runes!
 24027 | Elf:1    | Iwannabefree: ??yred reasons [2
 24027 | Elf:1    | beem: yredelemnul reasons[2/4]: Drain Life damages everything on screen and gives their HP to you. Pain Mirror damages things when they hurt you. Guess which god gives you both?
 24027 | Elf:1    | Iwannabefree: ??yred reasons [3
 24027 | Elf:1    | beem: yredelemnul reasons[3/4]: You enjoy boredom.
 24027 | Elf:1    | Iwannabefree: ??yred reasons [4
 24027 | Elf:1    | beem: yredelemnul reasons[4/4]: Your bone dragon tramples the 27-headed Lernaean hydra!!! The 27-headed Lernaean hydra dies!
 24108 | Elf:1    | Identified the Incunabulum of the Entourage
 24112 | Elf:1    | Learned a level 1 spell: Summon Butterflies
 24161 | Elf:1    | Received a gift from Yredelemnul (a profane servitor)
 24167 | Elf:1    | Noticed Azrael
 24207 | Elf:1    | Killed Azrael
 24449 | Elf:3    | Entered Level 3 of the Elven Halls
 24865 | Elf:3    | Cast into level 3 of the Abyss (a deep elf sorcerer)
 24889 | Abyss:3  | Found a corrupted altar of Lugonu.
 25376 | Abyss:3  | Received a gift from Yredelemnul (a skeletal warrior)
 25613 | Abyss:3  | Reached skill level 15 in Invocations
 25668 | Abyss:3  | Received a gift from Yredelemnul (a phantasmal warrior)
 25670 | Elf:3    | Escaped the Abyss
 25679 | Elf:3    | Iwannabefree: !apt dr
 25679 | Elf:3    | beem: Dr: Fighting: 1, Short: 0, Long: 0, Axes: 0, Maces: 0, Polearms: 0, Staves: 0, Slings: -1, Bows: -1, Xbows: -1, Throw: -1, Armour: N/A, Dodge: -1, Stealth: 0, Shields: 0, UC: 0, Splcast: -1, Conj: 0, Hexes: -1, Charms: -1, Summ: 0, Nec: 0, Tloc: 0, Tmut: 0, Fire: 0, Ice: 0, Air: 0, Earth: 0, Poison: 0, Inv: 1, Evo: 0, Exp: -1, HP: 1, MP: 0
 25790 | Elf:3    | Iwannabefree: ??malign offering
 25790 | Elf:3    | beem: malign offering[1/1]: A spell cast by deep elf high priests which hurts you and heals their allies. Resisted by rN.
 25809 | Elf:3    | Noticed a deep elf master archer
 25820 | Elf:3    | Killed a deep elf master archer
 25820 | Elf:3    | Reached XP level 18. HP: 135/135 MP: 5/31
 25995 | Elf:3    | Noticed a Tzitzimitl
 25998 | Elf:3    | Noticed a Brimstone Fiend
 26034 | Elf:3    | Iwannabefree: ??lost soul
 26034 | Elf:3    | beem: lost soul[1/2]: A crypt monster which tries to stay away from you. If a non-zombie undead dies in its LOS, the lost soul will die instead (fully healing the undead). If a living creature dies, it will become a undead (unrevivable) version of that creature. If other enemies are around, will sometimes ignore the death of low HD creatures.
 26225 | Elf:3    | Noticed an Ice Fiend
 26236 | Elf:3    | Got a clouded iron amulet
 26239 | Elf:3    | Identified the amulet "Fedeog" {+Rage rPois rF+ rN+ Dex+4} (You took it off a deep elf demonologist on level 3 of the Elven Halls)
 26292 | Elf:3    | Identified the Reference Book on the Blaze and Toxins
 26309 | Elf:3    | Learned a level 4 spell: Passage of Golubria
 26333 | Elf:3    | Got a wavering ivory amulet
 26455 | Elf:3    | Identified the amulet "Muic" {RegenMP Dex+3} (You took it off a deep elf annihilator on level 3 of the Elven Halls)
 26678 | Elf:2    | Found a runed gate.
 26678 | Elf:2    | Found a runed gate.
 26678 | Elf:2    | Found a runed gate.
 26697 | Elf:2    | Received a gift from Yredelemnul (a bone dragon)
 26857 | Elf:2    | Received a gift from Yredelemnul (a flayed ghost)
 27124 | Vaults:1 | Entered Level 1 of the Vaults
 27235 | Vaults:1 | Noticed WereVolvo's ghost (adept FoFi)
 27251 | Vaults:1 | Killed WereVolvo's ghost
 28079 | Vaults:1 | Received a gift from Yredelemnul (a flayed ghost)
 28191 | Vaults:2 | Noticed bear's ghost (adept MiBe)
 28192 | Vaults:2 | Iwannabefree: !log bear * v:2
 28192 | Vaults:2 | beem: 3. bear, XL19 MiBe, T:45531: http://crawl.xtahua.com/crawl/morgue/bear/morgue-bear-20161213-105211.txt
 28204 | Vaults:2 | Killed bear's ghost
 28427 | Vaults:2 | Received a gift from Yredelemnul (a vampire knight)
 28785 | Vaults:2 | Received a gift from Yredelemnul (a skeletal warrior)
 28932 | Vaults:2 | Reached XP level 19. HP: 120/141 MP: 33/33
 28934 | Vaults:2 | Received a gift from Yredelemnul (a vampire)
 29263 | Vaults:3 | Received a gift from Yredelemnul (a vampire)
 29396 | Vaults:3 | Noticed Sojobo
 29401 | Vaults:3 | Iwannabefree: ??wind blast
 29401 | Vaults:3 | beem: wind blast[1/1]: Knocks you back, does no damage by itself but can hit for 40+ if it slams you into a wall. Used by wind drakes and Sojobo.
 29424 | Vaults:3 | Killed Sojobo
 29424 | Vaults:3 | Enslaved Sojobo
 29447 | Vaults:3 | Received a gift from Yredelemnul (a flayed ghost)
 29534 | Vaults:3 | Received a gift from Yredelemnul (a ghoul)
 29701 | Vaults:3 | Found a staircase to the Crypt.
 29707 | Vaults:3 | Iwannabefree: @??sojobo
 29707 | Vaults:3 | beem: Sojobo (Q)
                  | Spd: 10 (move: 90%)
                  | HD: 20
                  | HP: 123-171
                  | AC/EV: 9/21
                  | Dam: 28, 14, 14
                  | weapons, items, doors, fighter, spellcaster, see invisible, fly
                  | Res: magic(140)
                  | XP: 6015
                  | Sp: wind blast, b.lightning (3d24), airstrike (0-50), sum.air elementals, deflect missiles
                  | Sz: Medium
                  | Int: human.
 29994 | Vaults:3 | Iwannabefree: ??makhleb
 29994 | Vaults:3 | beem: makhleb[1/6]: Makhleb wants kills and provides hp-for-kills, two conjuration invocations, and two summoning invocations. Note that Minor Destruction has no piety cost, so you can use it freely (though it is hungering); servants are not 100% friendly; and greater demons are effective against essentially everything.
 29994 | Vaults:3 | Iwannabefree: ??makhleb [2
 29994 | Vaults:3 | beem: makhleb[2/6]: See {minor destruction}, {lesser servant}, {major destruction}, or {greater servant} for details on the invocations.
 29994 | Vaults:3 | Iwannabefree: ??greater servant
 29994 | Vaults:3 | beem: greater servant[1/1]: Summons a temporary executioner, green death, blizzard demon, balrug, or cacodemon. Hostility chance is reduced (but never to 0) by invocations skill. Hostile if 1d(20 + Invocations * 3) <= 4 (e.g. 1/5 at 0 skill, 1/11 at 8 skill, 1/17 at 16 skill).
 30057 | Vaults:2 | Received a gift from Yredelemnul (a skeletal warrior)
 30103 | Vaults:2 | Identified a scroll of acquirement
 30568 | Vaults:4 | Found Alintaho's Weapon Shoppe.
 30634 | Vaults:4 | Received a gift from Yredelemnul (a flayed ghost)
 30895 | Vaults:4 | Received a gift from Yredelemnul (a vampire)
 31142 | Vaults:4 | Reached XP level 20. HP: 146/147 MP: 34/34
 31888 | Vaults:2 | Received a gift from Yredelemnul (a phantasmal warrior)
 32518 | Crypt:1  | Entered Level 1 of the Crypt
 32630 | Crypt:1  | Your ally Sojobo died
 32882 | Crypt:1  | Noticed Mara
 32886 | Crypt:1  | Noticed Iwannabefree's illusion
 32899 | Crypt:1  | Killed Mara
 32911 | Crypt:1  | Received a gift from Yredelemnul (a vampire)
 33097 | Crypt:1  | Learned a level 5 spell: Silence
 33179 | Crypt:2  | Reached skill level 1 in Hexes
 33207 | Crypt:2  | Received a gift from Yredelemnul (a bone dragon)
 33454 | Crypt:2  | Got a transparent triple sword
 33455 | Crypt:2  | Identified the +1 triple sword of the Unseen Realm {protect, *Noise rElec Str+4 Dex+6} (You acquired it on level 2 of the Crypt)
 33458 | Crypt:2  | Got a pair of spiked gloves
 33469 | Crypt:2  | Identified the +1 pair of gloves of the Ward {*Corrode rC++ MR+ Dex+4} (You acquired it on level 2 of the Crypt)
 33479 | Crypt:2  | Iwannabefree: ??corrode
 33479 | Crypt:2  | beem: corrode[1/1]: A randart property that gives you a 3% chance to be corroded upon taking damage.
 33552 | Crypt:3  | Entered Level 3 of the Crypt
 33670 | Crypt:3  | Received a gift from Yredelemnul (a phantasmal warrior)
 33763 | Crypt:3  | Found a staircase to the Tomb.
 33771 | Crypt:3  | Received a gift from Yredelemnul (a vampire)
 34199 | Crypt:3  | Reached skill level 10 in Spellcasting
 34341 | Crypt:3  | Found an ancient bone altar of Kikubaaqudgha.
 34480 | Crypt:3  | Received a gift from Yredelemnul (a profane servitor)
 34621 | Crypt:3  | Paralysed by a vampire knight for 6 turns
 35135 | D:15     | Found a sacrificial altar of Ru.
 35221 | D:15     | Found a staircase to the Depths.
 35482 | Depths:1 | Entered Level 1 of the Depths
 35558 | Depths:1 | Received a gift from Yredelemnul (a ghoul)
 35571 | Depths:1 | Reached XP level 21. HP: 64/154 MP: 36/36
 35632 | Depths:1 | Found a runed door.
 35692 | Depths:1 | Found Datwaph's Weapon Boutique.
 35706 | Depths:1 | Gained mutation: You are somewhat resistant to both further mutation and mutation removal. [potion of beneficial mutation]
 35951 | Depths:1 | Found a gateway to Hell.
 36259 | Depths:2 | Received a gift from Yredelemnul (a profane servitor)
 36343 | Depths:2 | Received a gift from Yredelemnul (a ghoul)
 36472 | Depths:2 | Reached skill level 15 in Dodging
 36566 | Depths:2 | Got a warped golden amulet
 36568 | Depths:2 | Identified the amulet of the Original Sin {Reflect rPois rC- Str+9 SH+3} (You took it off a vampire knight on level 2 of the Depths)
 36569 | Depths:2 | Iwannabefree: ??regen
 36569 | Depths:2 | beem: regeneration[1/8]: Increases the rate at which you regain HP per turn. Regeneration doesn't work when you're {sick}; instead it makes Sickness disappear faster.
 36690 | Depths:2 | Received a gift from Yredelemnul (a ghoul)
 36705 | Depths:2 | Noticed a golden dragon
 36724 | Depths:2 | Killed a golden dragon
 36763 | Depths:2 | Received a gift from Yredelemnul (a phantasmal warrior)
 36777 | Depths:2 | Received a gift from Yredelemnul (a vampire knight)
 36808 | Depths:2 | Got a warped great sword {speed}
 36833 | Depths:2 | Received a gift from Yredelemnul (a vampire knight)
 36861 | Depths:2 | Identified the cursed +1 great sword "Heekua" {speed, SInv} (You took it off a frost giant on level 2 of the Depths)
 36939 | Depths:2 | HP: 6/156 [battlesphere[a tengu reaver] (12)]
 36993 | Depths:2 | Identified the Almanac of Mutagenic Poison
 37118 | Depths:3 | Paralysed by a floating eye for 2 turns
 37129 | Depths:3 | Paralysed by a floating eye for 2 turns
 37133 | Depths:3 | Paralysed by a floating eye for 3 turns
 37137 | Depths:3 | Paralysed by a floating eye for 2 turns
 37154 | Depths:3 | Paralysed by a floating eye for 2 turns
 37163 | Depths:3 | Paralysed by a floating eye for 2 turns
 37710 | Depths:3 | Found a one-way gate leading to the halls of Pandemonium.
 37829 | Depths:3 | Received a gift from Yredelemnul (a bone dragon)
 37879 | Depths:3 | Reached XP level 22. HP: 94/164 MP: 37/37
 37879 | Depths:3 | Received a gift from Yredelemnul (a phantasmal warrior)
 38101 | Depths:4 | Received a gift from Yredelemnul (a skeletal warrior)
 38265 | Depths:4 | Noticed Boris
 38266 | Depths:4 | Noticed a golden dragon
 38274 | Depths:4 | Killed Boris
 38282 | Depths:4 | Killed a golden dragon
 38305 | Depths:4 | Found a corrupted altar of Lugonu.
 38305 | Depths:4 | Found a one-way gate to the infinite horrors of the Abyss.
 38488 | Depths:5 | Entered Level 5 of the Depths
 38534 | Depths:5 | Noticed a golden dragon
 38541 | Depths:5 | Killed a golden dragon
 38581 | Depths:4 | Noticed a golden dragon
 38583 | Depths:4 | Iwannabefree: @??golden dragon
 38583 | Depths:4 | beem: golden dragon (D)
                  | Spd:
    10 | HD: 18   | HP: 86-126
                  | AC/EV: 15/7
                  | Dam: 40, 20(claw), 20(trample)
                  | see invisible, fly
                  | Res: magic(180), fire, cold, elec, poison, drown
                  | Chunks: noxious
                  | XP: 4178
                  | Sp: b.fire (3d27) [!AM, !sil, breath], b.cold (3d27) [!AM, !sil, breath], poisonous cloud (3d11) [!AM, !sil, breath]
                  | Sz: Giant
                  | Int: animal.
 38589 | Depths:4 | Killed a golden dragon
 38632 | Depths:4 | Received a gift from Yredelemnul (a flayed ghost)
 38741 | Depths:4 | Noticed a caustic shrike
 38747 | Depths:4 | Killed a caustic shrike
 38747 | Depths:4 | Received a gift from Yredelemnul (a ghoul)
 39140 | Depths:5 | Received a gift from Yredelemnul (a skeletal warrior)
 39283 | Depths:5 | Found a gate to the Realm of Zot.
 39283 | Depths:5 | Noticed a golden dragon
 39302 | Depths:5 | Killed a golden dragon
 39464 | Depths:5 | Received a gift from Yredelemnul (a vampire)
 39467 | Depths:5 | Found a gateway to a ziggurat.
 39510 | Depths:5 | Noticed a juggernaut
 39528 | Depths:5 | Killed a juggernaut
 39532 | Depths:5 | Reached XP level 23. HP: 134/172 MP: 33/38
 39947 | Depths:3 | Noticed Asterion
 39961 | Depths:3 | Killed Asterion
 39961 | Depths:3 | Enslaved Asterion
 40551 | Vaults:5 | Entered Level 5 of the Vaults
 40592 | Vaults:5 | Found Jaeps's Food Boutique.
 40595 | Vaults:5 | Found Qopiy's Magic Scroll Emporium.
 40607 | Vaults:5 | Bought a scroll of teleportation for 66 gold pieces
 40607 | Vaults:5 | Bought a scroll of blinking for 165 gold pieces
 40607 | Vaults:5 | Bought a scroll of acquirement for 1144 gold pieces
 40607 | Vaults:5 | Bought a scroll of teleportation for 66 gold pieces
 40607 | Vaults:5 | Bought a scroll of magic mapping for 77 gold pieces
 40619 | Vaults:5 | Identified a +0 pair of boots of running (You acquired it on level 5 of the Vaults)
 40639 | Vaults:5 | Found Qodgh's Distillery.
 40646 | Vaults:5 | Bought a potion of cancellation for 112 gold pieces
 40650 | Vaults:5 | Found Ulustopi's Food Shop.
 40672 | Vaults:5 | Found Meiheh Vahez's Magic Scroll Shoppe.
 40685 | Vaults:5 | Found Efonui's Magic Scroll Shop.
 40717 | Vaults:5 | Found Yvvybac's Distillery.
 40717 | Vaults:5 | Found Konougupn's Magic Scroll Shoppe.
 40728 | Vaults:5 | Your ally Asterion died
 40736 | Vaults:5 | Received a gift from Yredelemnul (a vampire)
 40794 | Vaults:5 | Received a gift from Yredelemnul (a flayed ghost)
 40837 | Vaults:5 | Reached skill level 15 in Armour
 40848 | Vaults:5 | Received a gift from Yredelemnul (a ghoul)
 40910 | Vaults:5 | Bought a scroll of blinking for 90 gold pieces
 41089 | Vaults:5 | Received a gift from Yredelemnul (a bone dragon)
 41098 | Vaults:5 | Paralysed by a great orb of eyes for 3 turns
 41191 | Vaults:5 | Received a gift from Yredelemnul (a skeletal warrior)
 41324 | Vaults:5 | Reached skill level 10 in Air Magic
 41375 | Vaults:5 | Received a gift from Yredelemnul (a ghoul)
 41432 | Vaults:5 | Got a silver rune of Zot
 41447 | Vaults:5 | Got a crude amber ring
 41449 | Vaults:5 | Identified the ring "Rod Urav" {rElec rPois MR+ Dex-3} (You took it off a yaktaur captain on level 5 of the Vaults)
 41487 | Vaults:5 | Reached XP level 24. HP: 95/179 MP: 40/40
 41518 | Vaults:5 | Received a gift from Yredelemnul (a vampire knight)
 41657 | Vaults:5 | Got a crude steel ring
 41668 | Vaults:5 | Identified the ring "Tiqarac" {Wiz rElec Int+3 Dex+4 SInv} (You took it off a deep elf annihilator on level 5 of the Vaults)
 41682 | Vaults:5 | Received a gift from Yredelemnul (a profane servitor)
 41696 | Vaults:5 | Got a crude golden ring
 41742 | Vaults:5 | Identified the Collected Works on Dislocated Darkness
 41744 | Vaults:5 | Identified the ring "Kuf Waup" {Str+2 Int+5} (You took it off a tengu reaver on level 5 of the Vaults)
 42232 | Vaults:5 | Learned a level 6 spell: Deflect Missiles
 42289 | Vaults:5 | Bought a potion of curing for 63 gold pieces
 42289 | Vaults:5 | Bought a potion of magic for 168 gold pieces
 42289 | Vaults:5 | Bought a potion of flight for 63 gold pieces
 42289 | Vaults:5 | Bought a potion of curing for 63 gold pieces
 42289 | Vaults:5 | Bought a potion of haste for 210 gold pieces
 42296 | Vaults:5 | Bought a scroll of identify for 24 gold pieces
 42296 | Vaults:5 | Bought a scroll of immolation for 42 gold pieces
 42296 | Vaults:5 | Bought a scroll of teleportation for 36 gold pieces
 42309 | Vaults:5 | Bought a potion of curing for 42 gold pieces
 42309 | Vaults:5 | Bought 2 potions of haste for 280 gold pieces
 42309 | Vaults:5 | Bought a potion of brilliance for 56 gold pieces
 42309 | Vaults:5 | Bought a potion of curing for 42 gold pieces
 42309 | Vaults:5 | Bought a potion of might for 56 gold pieces
 42309 | Vaults:5 | Bought a potion of might for 56 gold pieces
 42309 | Vaults:5 | Bought a potion of invisibility for 112 gold pieces
 42309 | Vaults:5 | Bought a potion of magic for 112 gold pieces
 42309 | Vaults:5 | Bought a potion of might for 56 gold pieces
 42309 | Vaults:5 | Bought a potion of agility for 56 gold pieces
 42320 | Vaults:5 | Bought a scroll of recharging for 209 gold pieces
 42320 | Vaults:5 | Bought a scroll of recharging for 209 gold pieces
 42320 | Vaults:5 | Bought a scroll of recharging for 209 gold pieces
 42327 | Vaults:5 | Bought a scroll of fog for 32 gold pieces
 42338 | Vaults:5 | Bought a scroll of recharging for 190 gold pieces
 42338 | Vaults:5 | Bought a scroll of teleportation for 60 gold pieces
 42338 | Vaults:5 | Bought a scroll of enchant armour for 150 gold pieces
 42338 | Vaults:5 | Bought a scroll of teleportation for 60 gold pieces
 42567 | Crypt:2  | Learned a level 6 spell: Darkness
 42746 | Crypt:3  | Received a gift from Yredelemnul (a phantasmal warrior)
 42893 | Crypt:3  | Got a pair of encrusted boots
 42905 | Crypt:3  | Identified the +0 pair of boots of Analysis {rPois rF+ Str+5 Int+2} (You found it on level 3 of the Crypt)
 42971 | Crypt:3  | Received a gift from Yredelemnul (a skeletal warrior)
 43101 | Crypt:3  | Received a gift from Yredelemnul (a skeletal warrior)
 43132 | Crypt:3  | Identified the Reference Book on Evil
 43139 | Crypt:3  | Learned a level 3 spell: Regeneration
 43538 | D:4      | Killed Grinder
 43585 | Temple   | Fell from the grace of Yredelemnul
 43585 | Temple   | Became a worshipper of Makhleb the Destroyer
 43854 | Slime:1  | Entered Level 1 of the Pits of Slime
 43912 | Slime:1  | Gained mutation: You tend to lose your temper in combat. [a shining eye]
 44015 | Lair:6   | Learned a level 9 spell: Tornado
 44262 | Slime:1  | Reached * piety under Makhleb
 44277 | Slime:2  | Gained mutation: You occasionally shout uncontrollably at your foes. [a shining eye]
 44426 | Slime:2  | Reached ** piety under Makhleb
 44469 | Slime:5  | Entered Level 5 of the Pits of Slime
 44488 | Slime:5  | Gained mutation: You are weak. (Str -2) [a shining eye]
 44549 | Slime:4  | Learned a level 6 spell: Conjure Ball Lightning
 44601 | Slime:5  | Noticed the Royal Jelly
 44684 | Slime:5  | Killed the Royal Jelly
 44684 | Slime:5  | Reached skill level 15 in Spellcasting
 44836 | Slime:5  | Identified the Compendium of the Escort
 44858 | Slime:5  | Reached *** piety under Makhleb
 44892 | Slime:5  | Got a wavering silver amulet
 44893 | Slime:5  | Identified the amulet of Eluinusu {-Tele +Rage rPois Str+3} (You found it on level 5 of the Pits of Slime)
 44914 | Slime:5  | Got a slimy rune of Zot
 45545 | D:15     | You paid a toll of +2 storm dragon scales to enter a treasure trove
 45546 | Trove    | Entered a treasure trove
 45568 | Trove    | Got a pair of encrusted boots
 45579 | Trove    | Identified the +1 pair of boots "Ubbistoh" {*Contam rPois rF++} (You found it in a treasure trove)
 45610 | Trove    | Got a faintly humming shield
 45621 | Trove    | Lost mutation: You are agile. (Dex +2) [mutagenic glow]
 45645 | D:15     | Lost mutation: You are somewhat resistant to both further mutation and mutation removal. [potion of cure mutation]
 45645 | D:15     | Lost mutation: You are somewhat resistant to further mutation. [potion of cure mutation]
 45645 | D:15     | Lost mutation: You occasionally shout uncontrollably at your foes. [potion of cure mutation]
 45645 | D:15     | Lost mutation: You tend to lose your temper in combat. [potion of cure mutation]
 45645 | D:15     | Lost mutation: You are weak. (Str -2) [potion of cure mutation]
 45645 | D:15     | Lost mutation: Your mind is acute. (Int +2) [potion of cure mutation]
 45955 | Tomb:1   | Entered Level 1 of the Tomb of the Ancients
 45989 | Tomb:1   | Learned a level 3 spell: Spectral Weapon
 46002 | Tomb:1   | Reached skill level 15 in Air Magic
 46099 | Tomb:1   | Reached XP level 25. HP: 181/181 MP: 43/43
 46209 | Tomb:1   | Reached **** piety under Makhleb
 46576 | Tomb:2   | Noticed a greater mummy
 46719 | Tomb:2   | Noticed a greater mummy
 46720 | Tomb:2   | Noticed a greater mummy
 46731 | Tomb:2   | Noticed a greater mummy
 47150 | Tomb:1   | Killed a greater mummy
 47160 | Tomb:1   | Killed a greater mummy
 47230 | Tomb:1   | Was forgiven by Yredelemnul
 47388 | Tomb:1   | Reached ***** piety under Makhleb
 47425 | Tomb:1   | Noticed a greater mummy
 47444 | Tomb:1   | Killed a greater mummy
 47643 | Tomb:1   | Killed a greater mummy
 47799 | Tomb:1   | Killed a greater mummy
 48024 | Tomb:2   | Noticed Jory
 48200 | Tomb:1   | Killed Jory
 48442 | Tomb:1   | Noticed a greater mummy
 48442 | Tomb:1   | Noticed a greater mummy
 48451 | Tomb:1   | Noticed a greater mummy
 48451 | Tomb:1   | Noticed a greater mummy
 48455 | Tomb:1   | Noticed a greater mummy
 48455 | Tomb:1   | Noticed a greater mummy
 48457 | Tomb:1   | Noticed a greater mummy
 48457 | Tomb:1   | Noticed a greater mummy
 48468 | Tomb:2   | Killed a greater mummy
 48526 | Tomb:2   | Killed a greater mummy
 48539 | Tomb:2   | Killed a greater mummy
 48556 | Tomb:2   | Killed a greater mummy
 48597 | Tomb:2   | Killed a greater mummy
 48638 | Tomb:1   | Killed a greater mummy
 48652 | Tomb:1   | Killed a greater mummy
 48661 | Tomb:1   | Killed a greater mummy
 48697 | Tomb:1   | Noticed a greater mummy
 48710 | Tomb:1   | Killed a greater mummy
 48770 | Tomb:1   | Noticed a greater mummy
 48779 | Tomb:1   | Killed a greater mummy
 48861 | Tomb:1   | Noticed a greater mummy
 48872 | Tomb:1   | Killed a greater mummy
 48920 | Tomb:1   | Noticed a greater mummy
 48929 | Tomb:1   | Killed a greater mummy
 49001 | Tomb:1   | Noticed a greater mummy
 49012 | Tomb:1   | Killed a greater mummy
 49047 | Tomb:1   | Noticed a greater mummy
 49048 | Tomb:1   | Noticed a greater mummy
 49051 | Tomb:1   | Noticed a greater mummy
 49051 | Tomb:1   | Noticed a greater mummy
 49140 | Tomb:1   | Killed a greater mummy
 49140 | Tomb:1   | Reached XP level 26. HP: 87/184 MP: 35/46
 49218 | Tomb:1   | Killed a greater mummy
 49287 | Tomb:1   | Noticed a greater mummy
 49292 | Tomb:1   | Killed a greater mummy
 49302 | Tomb:1   | Killed a greater mummy
 49335 | Tomb:1   | Noticed a greater mummy
 49352 | Tomb:1   | Killed a greater mummy
 49358 | Tomb:1   | Killed a greater mummy
 49407 | Tomb:1   | Noticed a greater mummy
 49440 | Tomb:1   | Killed a greater mummy
 49462 | Tomb:1   | Noticed a greater mummy
 49737 | Tomb:1   | Killed a greater mummy
 49804 | Tomb:1   | Noticed a greater mummy
 49900 | Tomb:1   | Killed a greater mummy
 50181 | Tomb:3   | Entered Level 3 of the Tomb of the Ancients
 50205 | Tomb:3   | Noticed a greater mummy
 50275 | Tomb:3   | Noticed a greater mummy
 50276 | Tomb:3   | Noticed a greater mummy
 50286 | Tomb:2   | Killed a greater mummy
 50339 | Tomb:3   | Killed a greater mummy
 50341 | Tomb:3   | Killed a greater mummy
 50381 | Tomb:3   | Noticed a greater mummy
 50411 | Tomb:3   | Noticed a greater mummy
 50569 | Tomb:3   | Killed a greater mummy
 50576 | Tomb:2   | Killed a greater mummy
 50576 | Tomb:2   | Reached ****** piety under Makhleb
 50651 | Tomb:3   | Gained mutation: You are frail. (-10% HP) [mutagenic glow]
 50667 | Tomb:3   | Cast into level 2 of the Abyss (skeletal warrior)
 50671 | Abyss:2  | Gained mutation: You are very frail. (-20% HP) [mutagenic glow]
 50673 | Abyss:2  | Lost mutation: You are very frail. (-20% HP) [potion of cure mutation]
 50673 | Abyss:2  | Lost mutation: You are frail. (-10% HP) [potion of cure mutation]
 50940 | Abyss:3  | Gained mutation: You are partially covered in thin metallic scales. (AC +2) [a neqoxec]
 51212 | Abyss:3  | Found a corrupted altar of Lugonu.
 51254 | Abyss:3  | Got an abyssal rune of Zot
 51292 | Abyss:3  | Reached XP level 27. HP: 195/195 MP: 49/49
 51412 | Abyss:3  | Gained mutation: You are occasionally teleported next to monsters. [a neqoxec]
 51439 | Abyss:3  | Found a corrupted altar of Lugonu.
 51456 | Tomb:3   | Escaped the Abyss
 51578 | Tomb:3   | Noticed a greater mummy
 51588 | Tomb:3   | Killed a greater mummy
 51616 | Tomb:3   | Noticed a greater mummy
 51629 | Tomb:3   | Killed a greater mummy
 51645 | Tomb:3   | Got a golden rune of Zot
 51696 | Tomb:3   | Noticed Khufu
 51739 | Tomb:3   | Noticed a greater mummy
 51740 | Tomb:3   | Noticed a greater mummy
 51740 | Tomb:3   | Noticed a greater mummy
 51747 | Tomb:3   | Killed a greater mummy
 51750 | Tomb:3   | Killed a greater mummy
 51754 | Tomb:3   | Killed a greater mummy
 51839 | Tomb:3   | Identified Ifenlud's Reference Book on Calling and Earth
 51848 | Tomb:3   | Got shimmering pearl dragon scales
 51854 | Tomb:3   | Identified the cursed +0 pearl dragon scales of Dulos {rN+ Slay+6} (You found it on level 3 of the Tomb of the Ancients)
 51873 | Tomb:3   | Got a twitching ruby amulet
 51874 | Tomb:3   | Identified the amulet "Femuosops" {Faith Int+3} (You found it on level 3 of the Tomb of the Ancients)
 52341 | Orc:2    | Bought a scroll of blinking for 135 gold pieces
 52341 | Orc:2    | Bought a potion of heal wounds for 90 gold pieces
 52341 | Orc:2    | Bought a scroll of acquirement for 936 gold pieces
 52341 | Orc:2    | Bought a scroll of blinking for 135 gold pieces
 52341 | Orc:2    | Bought a scroll of recharging for 171 gold pieces
 52342 | Orc:2    | Identified the +1 pair of boots of Greed {rElec Regen+ SInv Stlth-} (You acquired it on level 2 of the Orcish Mines)
 52745 | Depths:5 | Learned a level 8 spell: Controlled Blink
 52752 | Depths:5 | Learned a level 6 spell: Darkness
 52760 | Depths:5 | Learned a level 6 spell: Invisibility
 52761 | Zig:1    | Entered Level 1 of a ziggurat
 52780 | Zig:2    | Entered Level 2 of a ziggurat
 52808 | Zig:2    | Got a pair of translucent gloves
 52809 | Zig:2    | Identified the +1 pair of gloves of Fadghu {-Cast rF++ MR+ Stlth+} (You acquired it on level 2 of a ziggurat)
 52816 | Zig:3    | Entered Level 3 of a ziggurat
 52939 | Zig:4    | Entered Level 4 of a ziggurat
 52947 | Zig:4    | Reached skill level 10 in Translocations
 52965 | Zig:5    | Entered Level 5 of a ziggurat
 52996 | Zig:6    | Entered Level 6 of a ziggurat
 53013 | Zig:6    | Identified the Grimoire of the Aerial Arsonist
 53034 | Zig:7    | Entered Level 7 of a ziggurat
 53144 | Zig:8    | Entered Level 8 of a ziggurat
 53150 | Zig:8    | Noticed a greater mummy
 53307 | Pan      | Entered Pandemonium
 53467 | Pan      | Gained mutation: You are clumsy. (Dex -2) [a cacodemon]
 53469 | Pan      | Gained mutation: Your spells are a little easier to cast, but a little less powerful. [a cacodemon]
 53480 | Pan      | Noticed Imusue the pandemonium lord
 53501 | Pan      | Killed Imusue the pandemonium lord
 53563 | Pan      | Found an exit through the horrors of the Abyss.
 53803 | Pan      | Found an exit through the horrors of the Abyss.
 53823 | Pan      | Gained mutation: You are dopey. (Int -2) [a neqoxec]
 53832 | Pan      | Lost mutation: Your spells are a little easier to cast, but a little less powerful. [potion of cure mutation]
 53832 | Pan      | Lost mutation: You are partially covered in thin metallic scales. (AC +2) [potion of cure mutation]
 53832 | Pan      | Lost mutation: You are dopey. (Int -2) [potion of cure mutation]
 54049 | Pan      | Found an exit through the horrors of the Abyss.
 54129 | Pan      | Reached skill level 5 in Hexes
 54294 | Pan      | Noticed Egyak the pandemonium lord
 54308 | Pan      | Killed Egyak the pandemonium lord
 54423 | Pan      | Found an exit through the horrors of the Abyss.
 54596 | Pan      | Noticed Kaing the pandemonium lord
 54614 | Pan      | Killed Kaing the pandemonium lord
 54629 | Pan      | Got a demonic rune of Zot
 54629 | Pan      | Gained mutation: You expend magic power (3 MP) to strengthen your wands. [a neqoxec]
 54653 | Pan      | Noticed Riqih the pandemonium lord
 54677 | Pan      | Killed Riqih the pandemonium lord
 54739 | Pan      | Gained mutation: You are very clumsy. (Dex -4) [a cacodemon]
 54755 | Pan      | Noticed Katah the pandemonium lord
 54760 | Pan      | Found an exit through the horrors of the Abyss.
 54764 | Depths:4 | Escaped Pandemonium
 54769 | Pan      | Entered Pandemonium
 55174 | Pan      | Noticed a seraph
 55187 | Pan      | Killed a seraph
 55191 | Pan      | Found a glowing golden altar of the Shining One.
 55455 | Pan      | Upgraded the game from 0.20-a0-277-g7db01f4 to 0.20-a0-296-gf222164
 55575 | Pan      | Found a glowing silver altar of Zin.
 55670 | Pan      | Lost mutation: You are very clumsy. (Dex -4) [potion of cure mutation]
 55670 | Pan      | Lost mutation: You are clumsy. (Dex -2) [potion of cure mutation]
 55670 | Pan      | Lost mutation: You expend magic power (3 MP) to strengthen your wands. [potion of cure mutation]
 55670 | Pan      | Lost mutation: You are occasionally teleported next to monsters. [potion of cure mutation]
 55868 | Pan      | Reached skill level 10 in Hexes
 56388 | Pan      | Noticed Osoel the pandemonium lord
 56391 | Pan      | Reached skill level 15 in Translocations
 56400 | Pan      | Killed Osoel the pandemonium lord
 56725 | Pan      | Entered the realm of Mnoleg.
 56725 | Pan      | Noticed Mnoleg
 56731 | Pan      | Gained mutation: You possess an exceptional clarity of mind. [a neqoxec]
 56732 | Pan      | Gained mutation: You are occasionally teleported next to monsters. [a neqoxec]
 56818 | Pan      | Gained mutation: You occasionally shout uncontrollably at your foes. [a neqoxec]
 56827 | Pan      | Gained mutation: Your body sometimes deteriorates upon taking damage. [a cacodemon]
 56829 | Pan      | Gained mutation: You regenerate slowly when monsters are visible. [a neqoxec]
 56830 | Pan      | Gained mutation: You are clumsy. (Dex -2) [a neqoxec]
 56856 | Pan      | Gained mutation: You are very clumsy. (Dex -4) [a neqoxec]
 56863 | Pan      | Got a glowing rune of Zot
 56936 | Pan      | Lost mutation: You are very clumsy. (Dex -4) [potion of cure mutation]
 56936 | Pan      | Lost mutation: You regenerate slowly when monsters are visible. [potion of cure mutation]
 56936 | Pan      | Lost mutation: You are occasionally teleported next to monsters. [potion of cure mutation]
 56936 | Pan      | Lost mutation: You possess an exceptional clarity of mind. [potion of cure mutation]
 56956 | Depths:4 | Escaped Pandemonium
 57071 | Pan      | Entered Pandemonium
 57101 | Pan      | Entered the realm of Lom Lobon.
 57245 | Pan      | Found an exit through the horrors of the Abyss.
 57470 | Pan      | Noticed Lom Lobon
 57616 | Pan      | Got a magical rune of Zot
 57799 | Pan      | Entered the realm of Gloorx Vloq.
 57845 | Pan      | Found an exit through the horrors of the Abyss.
 58041 | Pan      | Noticed Gloorx Vloq
 58041 | Pan      | Got a dark rune of Zot
 58089 | Pan      | Entered the realm of Cerebov.
 58244 | Pan      | Noticed Lom Lobon
 58525 | Pan      | Noticed Cerebov
 58532 | Pan      | Got a fiery rune of Zot
 58605 | Pan      | Noticed Gloorx Vloq
 58691 | Pan      | Noticed Irojeesoo the pandemonium lord
 58784 | Pan      | Noticed Mennas
 58806 | Pan      | Gained mutation: You are occasionally teleported next to monsters. [a cacodemon]
 58810 | Pan      | Gained mutation: You are dopey. (Int -2) [a cacodemon]
 58812 | Pan      | Lost mutation: You occasionally shout uncontrollably at your foes. [potion of cure mutation]
 58812 | Pan      | Lost mutation: Your body sometimes deteriorates upon taking damage. [potion of cure mutation]
 58812 | Pan      | Lost mutation: You are dopey. (Int -2) [potion of cure mutation]
 58812 | Pan      | Lost mutation: You are clumsy. (Dex -2) [potion of cure mutation]
 58812 | Pan      | Lost mutation: You are occasionally teleported next to monsters. [potion of cure mutation]
 58937 | Pan      | Found an exit through the horrors of the Abyss.
 58953 | Pan      | Took an exit into the Abyss.
 58953 | Abyss:1  | Escaped into the Abyss
 59011 | Abyss:1  | Gained mutation: You are resistant to hostile enchantments. (MR+) [a neqoxec]
 59080 | Depths:4 | Escaped the Abyss
 59183 | Hell     | Entered the Vestibule of Hell
 59183 | Hell     | Noticed Geryon
 59192 | Hell     | Killed Geryon
 59234 | Hell     | Found a gateway to the ashen valley of Gehenna.
 59246 | Geh:1    | Entered Level 1 of Gehenna
 59749 | Geh:7    | Entered Level 7 of Gehenna
 59886 | Geh:7    | Noticed Asmodeus
 59894 | Geh:7    | Got an obsidian rune of Zot
 59896 | Geh:7    | Got a fine pewter ring
 59898 | Geh:7    | Got a crude bronze ring
 60121 | Hell     | Found a gateway to the decaying netherworld of Tartarus.
 60153 | Hell     | Identified the ring of Ped Ken {rElec rN++ Int-2 Slay+4 SInv} (You found it on level 7 of Gehenna)
 60154 | Hell     | Identified the ring "Zub Rea" {rPois AC+5 Stlth+} (You found it on level 7 of Gehenna)
 60159 | Tar:1    | Entered Level 1 of Tartarus
 60752 | Tar:7    | Entered Level 7 of Tartarus
 60892 | Tar:7    | Noticed the Serpent of Hell
 60910 | Tar:7    | Killed the Serpent of Hell
 60992 | Tar:7    | Noticed Ereshkigal
 61107 | Tar:7    | Got a bone rune of Zot
 61172 | Hell     | Found a gateway to the freezing wastes of Cocytus.
 61182 | Hell     | Gained mutation: You are agile. (Dex +2) [mutagenic glow]
 61220 | Coc:1    | Entered Level 1 of Cocytus
 61539 | Coc:7    | Entered Level 7 of Cocytus
 61961 | Coc:7    | Noticed Antaeus
 61968 | Coc:7    | Got an icy rune of Zot
 62159 | Hell     | Found a gateway to the Iron City of Dis.
 62166 | Dis:1    | Entered Level 1 of the Iron City of Dis
 62575 | Dis:6    | Gained mutation: You tend to lose your temper in combat. [a cacodemon]
 62580 | Dis:7    | Entered Level 7 of the Iron City of Dis
 62870 | Dis:7    | Lost mutation: You are resistant to hostile enchantments. (MR+) [potion of cure mutation]
 62870 | Dis:7    | Lost mutation: You are agile. (Dex +2) [potion of cure mutation]
 62870 | Dis:7    | Lost mutation: You tend to lose your temper in combat. [potion of cure mutation]
 63126 | Dis:7    | Noticed Dispater
 63133 | Dis:7    | Got an iron rune of Zot
 63134 | Dis:7    | Gained mutation: You regenerate slowly when monsters are visible. [mutagenic glow]
 63166 | Hell     | Gained mutation: You are frail. (-10% HP) [mutagenic glow]
 63274 | Zot:1    | Entered Level 1 of the Realm of Zot
 63473 | Zot:1    | Noticed an orb of fire
 63474 | Zot:1    | Gained mutation: You expend magic power (3 MP) to strengthen your wands. [an orb of fire]
 63482 | Zot:1    | Killed an orb of fire
 63630 | Zot:1    | Noticed an orb of fire
 63726 | Zot:1    | Noticed an ancient lich
 63744 | Zot:1    | Killed an ancient lich
 63746 | Zot:1    | Gained mutation: Your magical capacity is low. (-10% MP) [an orb of fire]
 63750 | Zot:1    | Killed an orb of fire
 63780 | Zot:1    | Found a stormy altar of Qazlal.
 63788 | Zot:1    | Identified the Incunabulum of Gliding Calling
 64013 | Zot:5    | Entered Level 5 of the Realm of Zot
 64214 | Zot:5    | Noticed an ancient lich
 64217 | Zot:5    | Killed an ancient lich
 64233 | Zot:5    | Noticed an ancient lich
 64251 | Zot:5    | Killed an ancient lich
 64265 | Zot:5    | Noticed an orb of fire
 64265 | Zot:5    | Gained mutation: Your spells are a little easier to cast, but a little less powerful. [an orb of fire]
 64271 | Zot:5    | Gained mutation: Armour fits poorly on your strangely shaped body. [an orb of fire]
 64280 | Zot:5    | Killed an orb of fire
 64324 | Zig:1    | Entered Level 1 of a ziggurat
 64352 | Zig:2    | Entered Level 2 of a ziggurat
 64380 | Zig:3    | Entered Level 3 of a ziggurat
 64381 | Zig:3    | Noticed Jioludd the pandemonium lord
 64389 | Zig:3    | Killed Jioludd the pandemonium lord
 64412 | Zig:4    | Entered Level 4 of a ziggurat
 64440 | Zig:4    | Got a faintly glowing copper amulet
 64441 | Zig:4    | Identified the amulet "Ynneyf" {Gourm Str+3 Int+4} (You found it on level 4 of a ziggurat)
 64469 | Zig:5    | Entered Level 5 of a ziggurat
 64476 | Zig:5    | Cast into level 3 of the Abyss (reaper)
 64476 | Abyss:3  | Found a corrupted altar of Lugonu.
 64741 | Zig:5    | Escaped the Abyss
 64765 | Zig:6    | Entered Level 6 of a ziggurat
 64798 | Zig:6    | Identified the Grimoire of Conjuration and Ice
 64812 | Zig:7    | Entered Level 7 of a ziggurat
 64815 | Zig:7    | Noticed an ancient lich
 64819 | Zig:7    | Noticed an ancient lich
 64824 | Zig:7    | Killed an ancient lich
 64827 | Zig:7    | Killed an ancient lich
 64872 | Zig:8    | Entered Level 8 of a ziggurat
 64901 | Zig:8    | Got a flickering sapphire amulet
 64902 | Zig:8    | Identified the amulet "Buan" {RegenMP rF++} (You found it on level 8 of a ziggurat)
 64913 | Zig:9    | Entered Level 9 of a ziggurat
 64957 | Zig:9    | Identified the +3 cloak of Qotos {rElec rC+ Int+4} (You found it on level 9 of a ziggurat)
 65028 | Zot:5    | Noticed an orb of fire
 65028 | Zot:5    | Gained mutation: Scrolls take you a little longer to read. [an orb of fire]
 65039 | Zot:5    | Killed an orb of fire
 65044 | Zot:5    | Noticed an ancient lich
 65051 | Zot:5    | Killed an ancient lich
 65240 | Zot:5    | Noticed an ancient lich
 65247 | Zot:5    | Killed an ancient lich
 65258 | Zot:5    | Noticed an ancient lich
 65265 | Zot:5    | Killed an ancient lich
 65268 | Zot:5    | Got the Orb of Zot
 65293 | Zot:5    | Noticed an ancient lich
 65301 | Zot:5    | Killed an ancient lich
 65309 | Zot:5    | Noticed an ancient lich
 65317 | Zot:5    | Killed an ancient lich
 65586 | Depths:3 | Noticed Owuryus the pandemonium lord
 65598 | Depths:3 | Killed Owuryus the pandemonium lord
 65888 | D:9      | Noticed Gloorx Vloq
 66032 | D:$      | Escaped with the Orb!

Vault maps used:
D:1:      minmay_arrival_four_houses
D:2:      minmay_overflow_temple_star_quad, first_bread,
          chequers_ecumenical_altar_island, minmay_tetromino_t4,
          uniq_crazy_yiuf_cottage
D:3:      minmay_crystal_water, uniq_sigmund
D:4:      uniq_blork_the_orc, uniq_grinder
D:5:      nicolae_overflow_hidden_temple, vehumet_crystals,
          gup_ossuary_entry_pyramid, uniq_duvessa
D:6:      nicolae_gozag_cash_rules_everything_around_me, serial_shops, shop,
          serial_bayou_pond_d, nicolae_qazlal_style_of_elements,
          uniq_prince_ribbit1, uniq_pikel
D:8:      marbit_many_paths, hangedman_little_slice_of_home, uniq_grum
D:9:      due_lair_maze_entry_diamond, corexii_hall_statues_x,
          minmay_strange_pillars, fedhas_altar_fruit_tree
D:10:     roderic_aztec_sauvastika, kennysheep_windowed_goal, uniq_erica
D:11:     hex_tiny, minmay_misc_feat_four_crosses, onia_ninara_cookie
D:12:     orc_0_dummy, uniq_sonja, uniq_psyche, uniq_josephine
D:13:     erik_vaults_2
D:14:     serial_bayou_shore_b, hex_large, uniq_kirke
D:15:     grunt_enter_depths_snipers, nicolae_ru_awakened_eye,
          nicolae_trove_entry_columns, basic_altar
Temple:   jpeg_temple_clearing
Lair:1:   lab_entry_generic, st_stairs_6, beast_lair_carwin_7
Lair:2:   minivault_26, serial_bayou_shore_a
Lair:3:   minmay_swamp_entry_worms
Lair:4:   spider_nest_entry_webs, lemuel_fruit_fields,
          infiniplex_staircase_pool, uniq_nessos
Lair:5:   st_stairs_7, beast_lair_carwin_1, lemuel_fruit_tree
Lair:6:   guppyfry_lair_end_dragon, hangedman_lair_tendril_chambers,
          minmay_slime_entry_jelly_boxes, portal_ice_cave_entry_imps
Swamp:1:  nicolae_swamp_fairy_circle, swamp_pool1, st_swamp_ruins_3
Swamp:2:  serial_swamp_ruin, evilmike_swamp_ruin_house_1,
          evilmike_swamp_ruin_house_4, swamp_pool1
Swamp:3:  hangedman_swamp_ruin_wall, infiniplex_staircase_pool_2, uniq_nikola,
          uniq_aizul
Swamp:4:  swamp_pestilence, swamp_pool3
Spider:1: nicolae_spider_webs_and_nodes, nicolae_spider_circle_web
Spider:2: uniq_jorgrun, uniq_frances
Spider:3: guppyfry_hornet_nest
Spider:4: guppyfry_spider_rune, uniq_donald
Orc:1:    nooodl_orcs_dogs
Orc:2:    st_orc_congregation, serial_shops, nicolae_shop_statue_plus
Elf:1:    elf_arrival_001, serial_shops, shop_fountains, minmay_elf_demonology,
          uniq_azrael
Elf:2:    minmay_shop_grove
Elf:3:    minmay_elf_hall_curves
Vaults:1: ontoclasm_vaults_claustrophobia, vaults_room_ringed_pool,
          hangedman_vaults_stagger, ontoclasm_vaults_bender,
          nicolae_vaults_alarming, ontoclasm_vaults_loading_screen,
          nicolae_vaults_angled_halls, nicolae_vaults_little_squares_6
Vaults:2: nicolae_vaults_disjoint_gnomons, v_misc_4,
          nicolae_vaults_little_squares_4, v_rooms_6, hangedman_vaults_slice,
          v_misc_27, vaults_room_large_hall, nicolae_vaults_circle_grid_a,
          nicolae_vaults_yaktaur_gun_rack, vaults_dpeg_doors,
          vaults_room_hallway, st_smaller_cells
Vaults:3: minmay_crypt_entry_simple_corners, vaults_room_glass_cross,
          hangedman_vaults_variations, ontoclasm_vaults_fault, v_alt_pattern_2,
          v_misc_32, nicolae_vaults_three_branches, nicolae_vaults_arrows,
          ontoclasm_vaults_ring_small, vaults_room_fancy_cross,
          nicolae_vaults_network_s, hangedman_vaults_impose, vaults_dpeg_hooks,
          v_misc_16, uniq_sojobo
Vaults:4: v_rooms_3, vaults_dpeg_cross, vaults_mumra_minichess,
          hangedman_vaults_nails, v_misc_2, v_misc_11,
          hangedman_vaults_stitches, v_misc_25, nicolae_vaults_gold_heap,
          serial_shops, shop
Crypt:1:  uniq_mara
Crypt:3:  church_of_pain_bobbens, tomb_entry_sphere_bobbens
Tomb:2:   uniq_jory
Tomb:3:   uniq_khufu
Depths:1: hellmouth_1, serial_shops, nicolae_shop_behind_doors, nicolae_wwwww,
          kennysheep_treasure_room
Depths:2: grunt_runaround, hell_entry
Depths:3: hangedman_surveillance_ring, grunt_pan_entry_zigzag, hell_entry,
          uniq_asterion
Depths:4: hangedman_cross_veins, lightli_too_deep, grunt_pan_entry_spiral,
          minmay_misc_feat_plants, abyss_entry_flame_altar, uniq_boris
Depths:5: grunt_zot_entry_funnels, enter_ziggurat_a, hell_entry,
          minmay_misc_feat_iff
Dis:2:    hangedman_player_shredder
Dis:3:    evilmike_ambush
Dis:6:    grunt_megastairs_5
Dis:7:    dis_grunt_layers
Geh:5:    grunt_megastairs_3
Geh:7:    geh_mu
Coc:7:    coc_old
Tar:2:    nicolae_tar_cuneiform_heaven
Tar:7:    tar_old
Zot:1:    regret_index_qazlal_generations
Zot:2:    zot_minivault_8, basic_stair_grate_trap
Zot:5:    grunt_ministairs_15, st_stairs_12, basic_stair_grate_trap
Abyss:3:  nicolae_abyss_rune_left_handed, grunt_abyss_exit_deep_breaths,
          evilmike_abyss_exit_16, evilmike_abyss_rune_ettins, minivault_25,
          evilmike_abyss_exit_17, evilmike_abyss_exit_5
Pan:      evilmike_mini_pan_layers, nicolae_pan_double_arrow,
          pan_blood_fountain_2, nicolae_pan_sigil_eeng,
          regret_index_pan_draining_boxed, grunt_pan_sceptre, grunt_pan_zigzag,
          pan_blood_fountain_small, evilmike_mini_pan_pillars_b,
          nicolae_pan_sigil_eeng, lemuel_hall_of_pain, pan_blood_fountain_small,
          rand_demon_8, rand_demon_6, rand_demon_3, reaverb_pan_figure_eight,
          rand_demon_6, pan_blood_fountain_2, nicolae_pan_gloorx_vloqian_4,
          evilmike_holy_pan, rand_demon_7, pan_blood_fountain,
          nicolae_pan_glass_arcs, grunt_pan_frozen_over,
          pan_blood_fountain_small, grunt_pan_spiral, grunt_pan_sceptre,
          mnoleg_grunt_wretched_star, pan_blood_fountain_small,
          grunt_pan_zigzag, pan_disco_hall, evilmike_mini_pan_T,
          nicolae_pan_sigil_eeng, nicolae_pan_cerebovesque_3,
          lom_lobon_spiral_st, pan_blood_fountain, rand_demon_2,
          pan_blood_fountain_small, lemuel_hellion_island,
          nicolae_pan_gloorx_vloqian_1, evilmike_mini_pan_layers,
          pan_blood_fountain_2, pan_blood_fountain_small,
          gloorx_vloq_grunt_torture_chamber, uniq_mnoleg, pan_captured_pigsty,
          evilmike_cerebov_lava, uniq_lom_lobon, rand_demon_9, uniq_cerebov,
          uniq_gloorx_vloq, evilmike_mini_pan_layers, uniq_mennas_pan,
          uniq_cerebov, grunt_pan_spiral, uniq_gloorx_vloq, uniq_lom_lobon,
          rand_demon_4, uniq_gloorx_vloq, uniq_mennas_pan,
          evilmike_mini_pan_possible_glass, uniq_cerebov,
          reaverb_pan_chaos_star, nicolae_pan_cerebovesque_2
Zig:3:    ziggurat_pillar_centre_c
Zig:6:    ziggurat_pillar_centre_smoke
Zig:7:    ziggurat_pillar_centre_oklobs
Lab:      nicolae_lab_dead_adventurers, nicolae_lab_very_dead_end,
          nicolae_lab_quarters, nicolae_lab_big_swirl,
          labyrinth_skeletal_remains
Trove:    trove_armour_2
Ossuary:  ossuary_tomb_1
IceCv:    ice_cave_statue_garden_teleport

Skill      XL: |  1  2  3  4  5  6  7  8  9 10 11 12 13 14 15 16 17 18 19 20 21 22 23 24 25 26 27 |
---------------+----------------------------------------------------------------------------------+-----
Long Blades    | 3 4 5 6 7 8 10 11 12 13 15 16 18 20 21 22 26 | 26.1
Dodging        | 3 4 5 6 8 9 11 12 14 16 17 18 22 | 22.6
Armour         | 2 4 5 6 7 8 9 11 12 14 15 19 | 19.5
Fighting       | 3 4 6 8 9 11 13 15 16 17 18 22 | 22.2
Invocations    | 9 12 14 16 17 19 21 26 | 26.7
Spellcasting   | 5 6 8 9 10 12 15 18 21 25 | 25.2
Translocations | 6 7 17 | 17.4
Charms         | 2 4 |  4.0
Air Magic      | 2 5 6 10 15 18 21 23 | 23.0
Summonings     | 3 |  3.5
Ice Magic      | 1 |  1.2
Hexes          | 3 11 | 11.0
Throwing       | |  1.0

Action                   |  1- 3 |  4- 6 |  7- 9 | 10-12 | 13-15 | 16-18 | 19-21 | 22-24 | 25-27 || total
-------------------------+-------+-------+-------+-------+-------+-------+-------+-------+-------++-------
Melee: Dagger            |    88 |   223 |    87 |       |       |       |       |       |       ||   398
       Scimitar          |       |       |   372 |   673 |  1060 |   279 |       |       |       ||  2384
       Demon blade       |       |       |       |     5 |   809 |  1185 |       |       |       ||  1999
       Great sword       |       |       |       |       |       |   278 |  1352 |       |       ||  1630
       Triple sword      |       |       |       |       |       |       |   466 |  1388 |  4242 ||  6096
Throw: Tomahawk          |     1 |       |     4 |     8 |    18 |       |       |       |       ||    31
       Throwing net      |       |       |       |       |       |       |     3 |       |       ||     3
 Cast: Blink             |       |       |       |     1 |     3 |       |     2 |     1 |       ||     7
       Swiftness         |       |       |       |     1 |       |       |     1 |       |       ||     2
       Apportation       |       |       |       |       |     3 |     2 |     1 |       |     4 ||    10
       Repel Missiles    |       |       |       |       |     8 |     7 |     5 |     4 |       ||    24
       Lesser Beckoning  |       |       |       |       |    11 |       |     3 |       |    16 ||    30
       Shroud of Golubri |       |       |       |       |     1 |       |       |       |       ||     1
       Summon Lightning  |       |       |       |       |     4 |     1 |       |       |     1 ||     6
       Mephitic Cloud    |       |       |       |       |     3 |       |       |       |       ||     3
       Ozocubu's Armour  |       |       |       |       |       |     3 |       |       |       ||     3
       Passage of Golubr |       |       |       |       |       |       |     6 |     2 |       ||     8
       Conjure Ball Ligh |       |       |       |       |       |       |       |     7 |    12 ||    19
       Deflect Missiles  |       |       |       |       |       |       |       |     7 |    23 ||    30
       Regeneration      |       |       |       |       |       |       |       |     2 |   148 ||   150
       Spectral Weapon   |       |       |       |       |       |       |       |     1 |    63 ||    64
       Summon Butterflie |       |       |       |       |       |       |       |     1 |       ||     1
       Silence           |       |       |       |       |       |       |       |       |    34 ||    34
       Tornado           |       |       |       |       |       |       |       |       |   132 ||   132
       Controlled Blink  |       |       |       |       |       |       |       |       |    27 ||    27
       Darkness          |       |       |       |       |       |       |       |       |     9 ||     9
       Invisibility      |       |       |       |       |       |       |       |       |     5 ||     5
Invok: Drain Life        |       |       |       |    10 |    30 |    39 |    24 |    27 |       ||   130
       Recall Undead Sla |       |       |       |     3 |     5 |    12 |    15 |     8 |       ||    43
       Animate Dead      |       |       |       |     3 |    15 |    15 |    15 |    11 |       ||    59
       Enslave Soul      |       |       |       |       |     7 |     7 |     4 |     4 |       ||    22
       Stop Recall       |       |       |       |       |     1 |       |     1 |       |       ||     2
       Greater Servant o |       |       |       |       |       |       |       |       |     2 ||     2
Evoke: Wand              |       |       |     2 |     9 |     8 |       |     4 |       |    68 ||    91
       Lamp of fire      |       |       |       |     1 |     2 |       |       |       |       ||     3
       Rod               |       |       |       |     1 |       |       |       |       |       ||     1
       Phial of floods   |       |       |       |       |     1 |     1 |     1 |     1 |     2 ||     6
       Phantom mirror    |       |       |       |       |       |       |       |     1 |       ||     1
       Figurine of a zig |       |       |       |       |       |       |       |       |     1 ||     1
  Use: Potion            |       |     1 |     2 |     5 |    18 |    14 |    10 |    16 |    25 ||    91
       Scroll            |       |       |     4 |    15 |    23 |    14 |    21 |    21 |    62 ||   160
 Stab: Sleeping          |       |     1 |       |       |     1 |     1 |       |       |       ||     3
       Distracted        |       |       |       |     5 |    11 |    20 |    21 |    17 |    14 ||    88
       Paralysed         |       |       |       |    13 |       |     2 |     6 |       |       ||    21
       Petrifying        |       |       |       |     1 |       |       |       |       |       ||     1
       Confused          |       |       |       |       |     3 |     4 |       |     1 |       ||     8
       Invisible         |       |       |       |       |     5 |       |       |       |    26 ||    31
       Petrified         |       |       |       |       |       |       |       |       |     4 ||     4
  Eat: Chunk             |       |     4 |     6 |    19 |    36 |    29 |    23 |    23 |     1 ||   141
       Meat ration       |       |       |     1 |       |       |     1 |     3 |     2 |    10 ||    17
       Pizza             |       |       |       |     1 |     1 |       |     1 |     2 |     1 ||     6
       Royal jelly       |       |       |       |       |     6 |     5 |       |     2 |       ||    13
       Fruit             |       |       |       |       |     1 |     1 |     2 |     1 |     5 ||    10
       Beef jerky        |       |       |       |       |     4 |     1 |     4 |     3 |     3 ||    15
       Bread ration      |       |       |       |       |       |     2 |       |     1 |    21 ||    24
Armor: Leather armour    |    22 |     7 |       |       |       |       |       |       |       ||    29
       Ring mail         |       |    32 |    81 |   120 |    96 |       |       |       |       ||   329
       Skin              |       |     1 |       |       |    15 |       |       |       |       ||    16
       Troll leather arm |       |       |       |       |   278 |   122 |       |       |       ||   400
       Swamp dragon scal |       |       |       |       |       |   346 |    93 |       |       ||   439
       Fire dragon scale |       |       |       |       |       |       |   534 |   525 |   445 ||  1504
       Pearl dragon scal |       |       |       |       |       |       |       |       |  1173 ||  1173
Dodge: Dodged            |    61 |   123 |   300 |   621 |  1556 |  1404 |  1340 |  1338 |  4630 || 11373
       Deflected         |       |       |       |       |    11 |    37 |    43 |    62 |   173 ||   326
Block: Other             |       |       |    78 |       |       |       |    28 |   144 |   494 ||   744
       Reflection        |       |       |       |       |       |       |       |     4 |     3 ||     7
       Rpst.: Scimitar   |       |       |    89 |   174 |   273 |    59 |       |       |       ||   595
       Demon blade       |       |       |       |     1 |   109 |   206 |       |       |       ||   316
       Great sword       |       |       |       |       |       |    55 |   189 |       |       ||   244
       Triple sword      |       |       |       |       |       |       |    69 |   243 |   940 ||  1252
